 Dungeon Crawl Stone Soup version 0.26-a0-710-g95a0c6c400 (webtiles) character file.

Game seed: 6211147135421002948

1879999 Pyrtan the Petrodigitator (level 27, -9/204 HPs)
             Began as a Gargoyle Earth Elementalist on Oct 28, 2020.
             Was the Champion of Vehumet.
             Killed from afar by Ygonacw's ghost (73 damage)
             ... with a great icy blast
             ... on level 13 of a ziggurat on Oct 30, 2020.
             The game lasted 08:29:13 (121223 turns).

Pyrtan the Petrodigitator (GrEE)                  Turns: 121223, Time: 08:29:13

Health: -9/204     AC: 63    Str: 16    XL:     27
Magic:  0/59       EV: 33    Int: 34    God:    Vehumet [******]
Gold:   30217      SH: 17    Dex: 10    Spells: 2/80 levels left

rFire    + + +     SeeInvis +   Y - +3 Elemental Staff {rElec rF++ rC++ MR++ AC+5}
rCold    + + .     Faith    .   D - +3 warlock's mirror {reflect}
rNeg     + + .     Spirit   +   y - +4 moon troll leather armour {Spirit, Regen++ MP+5}
rPois    ∞         Reflect  +   f - +3 crown of Dyrovepreva {rElec Int+2 SInv}
rElec    +         Harm     .   S - +2 cloak {rCorr}
rCorr    +         Rampage  .   N - +0 pair of gloves of Grot {Regen+ Str+4}
MR       ++++.                  F - +1 pair of boots {run}
Stlth    +++++++++.             q - macabre finger necklace {rN+}
HPRegen  1.64/turn              p - ring of Fubre {+Blink rF+ Int+3 SInv}
MPRegen  0.36/turn              e - ring of Phasing {EV+8}
                                A - ring of Robustness {AC+8}

@: brilliant, flying, hasted, very quick
A: big wings, claws 1, icy blue scales 1, large bone plates 1, rugged brown
scales 1, negative energy resistance 1, shaggy fur 1, electricity resistance,
unbreathing, petrification resistance, rot immunity, AC +20
}: 15/15 runes: decaying, serpentine, slimy, silver, golden, iron, obsidian,
icy, bone, abyssal, demonic, glowing, magical, fiery, dark
a: Stop Flying, Renounce Religion, Evoke Blink


You were on level 13 of a ziggurat.
You worshipped Vehumet.
Vehumet was exalted by your worship.
You visited 18 branches of the dungeon, and saw 90 of its levels.
You visited Pandemonium 1 time, and saw 11 of its levels.
You visited the Abyss 2 times.
You visited 6 ziggurats (completing 5), and saw 148 of their levels.
You also visited: Trove, Bailey and Ice Cave.

You collected 31887 gold pieces.
You spent 1670 gold pieces at shops.

Inventory:

Hand Weapons
 Y - the +3 Elemental Staff (weapon) {rElec rF++ rC++ MR++ AC+5}
   (You acquired it on level 19 of a ziggurat)

   It affects your AC (+5).
   It greatly protects you from fire.
   It greatly protects you from cold.
   It insulates you from electricity.
   It affects your resistance to hostile enchantments.
Armour
 f - the +3 crown of Dyrovepreva (worn) {rElec Int+2 SInv}
   (You found it on level 3 of a ziggurat)

   It affects your intelligence (+2).
   It insulates you from electricity.
   It lets you see invisible.
 y - the +4 moon troll leather armour (worn) {Spirit, Regen++ MP+5}
   (You found it on level 18 of a ziggurat)

   It affects your magic capacity (+5).
   It increases your rate of regeneration.
 D - the +3 warlock's mirror (worn) {reflect}
   (You found it on level 11 of a ziggurat)
 F - a +1 pair of boots of running (worn)
 N - the +0 pair of gloves of Grot (worn) {Regen+ Str+4}
   (You found it on level 14 of a ziggurat)

   It affects your strength (+4).
   It increases your rate of regeneration.
 S - a +2 cloak of preservation (worn)
Jewellery
 e - the ring of Phasing (right hand) {EV+8}
   (You found it on level 24 of a ziggurat)

   [ring of evasion]

   It affects your evasion (+8).
 k - the ring of Shadows {Umbra +Inv Stlth+}
   (You bought it in a shop on level 3 of the Elven Halls)

   [ring of stealth]

   It lets you turn invisible.
   It makes you more stealthy.
 p - the ring of Fubre (left hand) {+Blink rF+ Int+3 SInv}
   (You found it on level 11 of the Dungeon)

   [ring of see invisible]

   It affects your intelligence (+3).
   It protects you from fire.
   It lets you see invisible.
   It lets you blink.
 q - the macabre finger necklace (around neck) {rN+}
   (You found it on level 13 of a ziggurat)

   [amulet of nothing]

   It protects you from negative energy.
 A - the ring of Robustness (on amulet) {AC+8}
   (You found it on level 7 of a ziggurat)

   [ring of protection]

   It affects your AC (+8).
Wands
 C - a wand of acid (122)
Scrolls
 b - 6 scrolls of summoning
 d - 11 scrolls of magic mapping
 g - 37 scrolls of amnesia
 h - 51 scrolls of identify
 l - 118 scrolls of remove curse
 w - 15 scrolls of holy word
 M - 19 scrolls of blinking
 Q - 65 scrolls of fog
 W - 115 scrolls of teleportation
Potions
 c - 5 potions of berserk rage
 m - 34 potions of curing
 s - 5 potions of brilliance
 G - 90 potions of mutation
 H - 13 potions of heal wounds
 I - 7 potions of ambrosia
 K - 21 potions of cancellation
 O - 12 potions of might
 T - 12 potions of resistance
 V - 5 potions of magic
 X - 14 potions of haste
Miscellaneous
 i - a phantom mirror
 j - a box of beasts (3/3)
 o - a tin of tremorstones (3/3)
 B - a phial of floods
 U - a condenser vane (2/2)


   Skills:
 O Level 27 Fighting
 O Level 27 Maces & Flails
 O Level 27 Polearms
 O Level 27 Staves
   Level 14.0(22.1) Slings
 O Level 27 Throwing
 O Level 27 Armour
 O Level 27 Dodging
 O Level 27 Stealth
 O Level 27 Shields
 O Level 27 Unarmed Combat
 O Level 27 Spellcasting
 O Level 27 Conjurations
 O Level 27 Hexes
 O Level 27 Necromancy
   Level 16.4 Translocations
 O Level 27 Transmutations
 O Level 27 Fire Magic
 O Level 27 Ice Magic
 O Level 27 Air Magic
 O Level 27 Earth Magic
 O Level 27 Evocations


You had 2 spell levels left.
You knew the following spells:

 Your Spells              Type           Power        Failure   Level
a - Shatter               Erth           #########.   1%          9
b - Stone Arrow           Conj/Erth      ######       0%          3
c - Invisibility          Hex            ########     0%          6
d - Lehudib's Crystal Sp  Conj/Erth      #########.   1%          8
e - Absolute Zero         Ice            #########.   1%          9
f - Fire Storm            Conj/Fire      #########.   1%          9
g - Ignition              Fire           #########.   1%          8
i - Tornado               Air            #########.   1%          9
j - Necromutation         Tmut/Necr      ########..   1%          8
k - Death's Door          Necr           ########..   1%          9

Your spell library contained the following spells:

 Spells                   Type           Power        Failure   Level
 Chain Lightning          Conj/Air       #########.   1%          8
 Animate Skeleton         Necr           ######       0%          1
 Apportation              Tloc           ######       0%          1
 Beastly Appendage        Tmut           ######       0%          1
 Corona                   Hex            #######      0%          1
 Foxfire                  Conj/Fire      ####         0%          1
 Freeze                   Ice            ####         0%          1
 Magic Dart               Conj           ####         0%          1
 Pain                     Necr           ####         0%          1
 Sandblast                Erth           ######       0%          1
 Shock                    Conj/Air       ####         0%          1
 Sting                    Tmut/Pois      ####         0%          1
 Blink                    Tloc           N/A          0%          2
 Corpse Rot               Necr/Air       N/A          0%          2
 Ensorcelled Hibernation  Hex/Ice        ######       0%          2
 Passwall                 Tmut/Erth      ########     0%          2
 Poisonous Vapours        Pois/Air       ######       0%          2
 Searing Ray              Conj           ######       0%          2
 Slow                     Hex            ########     0%          2
 Swiftness                Air            ########     0%          2
 Wereblood                Tmut           ########     0%          2
 Summon Small Mammal      Summ           ####         1%          1
 Call Imp                 Summ           ######..     1%          2
 Confusing Touch          Hex            ########     0%          3
 Conjure Flame            Conj/Fire      ########     0%          3
 Dazzling Flash           Conj/Hex       ######       0%          3
 Frozen Ramparts          Ice            ######       0%          3
 Gell's Gravitas          Tloc           ########..   0%          3
 Ignite Poison            Fire/Tmut/Pois ########     0%          3
 Inner Flame              Hex/Fire       ########     0%          3
 Lesser Beckoning         Tloc           ########..   0%          3
 Mephitic Cloud           Conj/Pois/Air  ########     0%          3
 Ozocubu's Armour         Ice            ########     0%          3
 Portal Projectile        Hex/Tloc       ######       0%          3
 Spider Form              Tmut/Pois      ########..   0%          3
 Static Discharge         Conj/Air       ########     0%          3
 Summon Guardian Golem    Hex/Summ       ########     0%          3
 Teleport Other           Tloc           ########     0%          3
 Tukima's Dance           Hex            ########     0%          3
 Vampiric Draining        Necr           ########..   0%          3
 Airstrike                Air            #########.   0%          4
 Animate Dead             Necr           ########..   0%          4
 Cause Fear               Hex            ########..   0%          4
 Dispel Undead            Necr           ########     0%          4
 Fulminant Prism          Conj/Hex       ########..   0%          4
 Hailstorm                Conj/Ice       ########     0%          4
 Ice Form                 Ice/Tmut       ########     0%          4
 Iskenderun's Mystic Bla  Conj/Tloc      ########     0%          4
 Leda's Liquefaction      Hex/Erth       #########.   0%          4
 Passage of Golubria      Tloc           N/A          0%          4
 Petrify                  Tmut/Erth      ########     0%          4
 Sticky Flame             Conj/Fire      ########     0%          4
 Agony                    Necr           ########     0%          5
 Blade Hands              Tmut           ########..   0%          5
 Bolt of Magma            Conj/Fire/Erth ##########   0%          5
 Borgnjor's Vile Clutch   Necr/Erth      #########.   0%          5
 Excruciating Wounds      Necr           ########..   0%          5
 Fireball                 Conj/Fire      #########.   0%          5
 Irradiate                Conj/Tmut      ########..   0%          5
 Iskenderun's Battlesphe  Conj           ########     0%          5
 Lee's Rapid Deconstruct  Erth           #########.   0%          5
 Lightning Bolt           Conj/Air       #########.   0%          5
 Metabolic Englaciation   Hex/Ice        #########.   0%          5
 Silence                  Hex/Air        #########.   0%          5
 Yara's Violent Unravell  Hex/Tmut       ########..   0%          5
 Conjure Ball Lightning   Conj/Air       #########.   0%          6
 Death Channel            Necr           ########..   0%          6
 Freezing Cloud           Conj/Ice/Air   ##########   0%          6
 Hydra Form               Tmut           ########..   0%          6
 Iron Shot                Conj/Erth      #########.   0%          6
 Ozocubu's Refrigeration  Ice            #########.   0%          6
 Simulacrum               Ice/Necr       #########.   0%          6
 Starburst                Conj/Fire      #########.   0%          6
 Dragon Form              Tmut           ########..   0%          7
 Orb of Destruction       Conj           ########..   0%          7
 Call Canine Familiar     Summ           ######..     1%          3
 Olgreb's Toxic Radiance  Pois           ######..     1%          4
 Summon Ice Beast         Ice/Summ       ########     1%          4
 Summon Lightning Spire   Summ/Air       ########     1%          4
 Alistair's Intoxication  Tmut/Pois      ########.    1%          5
 Summon Forest            Summ/Tloc      ########..   1%          5
 Summon Mana Viper        Hex/Summ       ########     1%          5
 Dispersal                Tloc           ########..   1%          6
 Eringya's Noxious Bog    Tmut/Pois      ########..   1%          6
 Haunt                    Necr/Summ      ########..   1%          7
 Spellforged Servitor     Conj/Summ      ########..   1%          7
 Borgnjor's Revivificati  Necr           ########..   1%          8
 Discord                  Hex            ########..   1%          8
 Infestation              Necr           ########..   1%          8
 Disjunction              Tloc           ########..   3%          8
 Summon Demon             Summ           ######....   14%         5
 Malign Gateway           Summ/Tloc      ########..   14%         7
 Shadow Creatures         Summ           N/A          58%         6
 Monstrous Menagerie      Summ           ######....   99%         7
 Summon Greater Demon     Summ           ######....   99%         7
 Summon Hydra             Summ           ######....   99%         7
 Summon Horrible Things   Summ           ######....   100%        8
 Dragon's Call            Summ           ######....   100%        9
 Sublimation of Blood     Necr           Unusable     N/A         2
 Statue Form              Tmut/Erth      Unusable     N/A         6

Dungeon Overview and Level Annotations

Branches:
Dungeon (15/15)            Temple (1/1) D:6            Lair (6/6) D:8
  Swamp (4/4) Lair:4        Snake (4/4) Lair:3        Slime (5/5) Lair:5
    Orc (2/2) D:9             Elf (3/3) Orc:2        Vaults (5/5) D:13
  Crypt (3/3) Vaults:3       Tomb (3/3) Crypt:3      Depths (5/5) D:15
   Hell (visited)             Dis (7/7) Hell            Geh (7/7) Hell
    Coc (7/7) Hell            Tar (7/7) Hell            Zot (5/5) Depths:5
 Bailey (visited)           IceCv (visited)

Altars:
Elyvilon
Fedhas
Gozag
Hepliaklqana
Kikubaaqudgha
Qazlal
Sif Muna
Trog
Vehumet
Xom
Yredelemnul
The Shining One
Beogh
Jiyva

Shops:
D:6 [(?   D:9 [   D:11 [   D:14 *   D:15 [   Orc:2 *[:(   Elf:3 =   Vaults:2 :
Vaults:3 [   Zot:2 *   Depths:1 [   Depths:5 =

Portals:
Hell: Depths:1 Depths:2 Depths:3 Depths:4 Depths:5
Abyss: Depths:2 Depths:4
Pandemonium: Depths:3
Ziggurat: D:15

Annotations:
Lair:2 2 runed translucent doors, Foov Itu's ghost, journeyman GrEE
Elf:2 5 runed translucent doors
Crypt:1 3 runed translucent doors, Etulorun's ghost, veteran MiBe
Crypt:2 1 runed translucent door, Nyot's ghost, veteran GrFi
Coc:7 exclusion: ice statue
Zig:13 Ahek's ghost, legendary GnTm; Ereufydu's ghost, legendary VSGl; Erhaimih's ghost, legendary DDNe; Gishoal's ghost, legendary KoBr; Gyofeun's ghost, legendary FoFi; Icuofef's ghost, veteran SpEn; Muffal's ghost, legendary FoFi; Omodibba's ghost, veteran BaHu; Poybuibi's ghost, veteran MiMo; Pyrtan's ghost, legendary GrEE; Rotwopom's ghost, legendary NaVM; Ygonacw's ghost, legendary GrEE


Innate Abilities, Weirdness & Mutations

You are resistant to torment.
Your stone body is resilient. (AC +20)
You are immune to poison.
Your large and strong wings let you fly indefinitely.
You resist negative energy. (rN+)
You are resistant to electric shocks. (rElec)
You can survive without breathing.
You are immune to petrification.
You are immune to rotting.
You have sharp fingernails.
You are partially covered in icy blue scales. (AC +2)
You are partially covered in large bone plates. (SH +4)
You are partially covered in rugged brown scales. (AC +1, +3% HP)
You are covered in fur. (AC +1)


Message History

Your fire vortex dissipates!
You feel much better.
Your fire vortex hits Muffal's ghost.
Your fire vortex dissipates!
Ahek's ghost waves its arms in wide circles.
The air twists around and violently strikes you in flight!!!
* * * LOW HITPOINT WARNING * * *
Muffal's ghost hits your fire vortex!!
Your fire vortex dissipates!
You feel much better.
Rotwopom's ghost is lost in a daze.
Your fire vortex hits Ygonacw's ghost.
Your fire vortex burns Ygonacw's ghost!
Ygonacw's ghost completely resists.
Your fire vortex dissipates!
Your fire vortex completely misses Ahek's ghost.
Your fire vortex hits something.
Your fire vortex burns something!
Your fire vortex dissipates!
You feel much better.
Ygonacw's ghost points at you and mumbles some strange words.
Ygonacw's ghost conjures a mighty blast of ice!
The great icy blast engulfs you!!!! You partially resist.
You die...

▓▓▓▓▓▓
▓▓.........▓▓
▓▓.......[...▓
▓▓..°○°W......?
▓▓...°.°°....W.:
▓▓§§....°W.W..[.?
▓▓.§§§.°°°W.WWz°.$
▓.∩§§§§°v°v...WWLz
▓▓.@§§§WvW.fW..†.(
▓▓.§§°...WfW.).W$
▓▓§§...ff..WW†.=
▓▓........z..zW
▓▓...........▓
▓▓.........▓▓
▓▓▓▓▓▓▓▓▓▓▓


You could see a deathcap (summoned), a wandering mushroom (summoned), Ahek's
ghost (black mark, dazed), Ereufydu's ghost (black mark, dazed), Erhaimih's
ghost (swift, dazed), Muffal's ghost (black mark, dazed), Rotwopom's ghost
(black mark, dazed), Ygonacw's ghost (black mark, dazed) and 3 friendly fire
vortices.

Vanquished Creatures
  Cerebov (Pan)
  Antaeus (Coc:7)
  Asmodeus (Geh:7)
  the Royal Jelly (Slime:5)
  The ghost of fritzmikael the Petrodigitator, a legendary DDEE of Makhleb (Zig:10)
  Ereshkigal (Tar:7)
  The ghost of fritzmikael the Sorcerer, a legendary BaCj of Sif Muna (Zig:10)
  Gloorx Vloq (Pan)
  The ghost of MrRokkomies the Slayer, a legendary DrIE of Makhleb (Zig:10)
  Lom Lobon (Pan)
  Mnoleg (Pan)
  The ghost of stormclouds the Conqueror, a legendary DDFi of Makhleb (Zig:10)
  the Serpent of Hell (Tar:7)
  Dispater (Dis:7)
  The ghost of Birvald the Ruinous, a legendary GrEE of Vehumet (Zig:10)
  Mara (Snake:3)
  The ghost of thethe the Petrodigitator, a legendary DgCj (Zig:10)
  Khufu (Crypt:2)
  33 orbs of fire
  The ghost of Peloso the Minotaur Barricade, a legendary MiFi of Okawaru (Zig:10)
  The ghost of Peloso the Minotaur Barricade, a legendary MiFi of Okawaru (Zig:10)
  Mennas (Vaults:4)
  29 juggernauts
  46 ancient liches
  116 pandemonium lords
  A juggernaut (shapeshifter) (Zig:20)
  The ghost of ICC the Invulnerable, a legendary VSFi of Wu Jian (Zig:10)
  Margery (Vaults:2)
  149 greater mummies
  Frederick (Crypt:2)
  47 shard shrikes
  Boris (twice) (Tomb:1 Tomb:2)
  51 Killer Klowns
  6 curse toes
  Vashnia (Snake:4)
  Saint Roka (Snake:3)
  Xtahua (Depths:4)
  Bai Suzhen (Crypt:2)
  Geryon (Hell)
  23 caustic shrikes
  32 golden dragons
  Jory (Vaults:3)
  A golden dragon (shapeshifter) (Zig:20)
  17 profane servitors
  45 bone dragons
  5 pearl dragons (Zig:11)
  25 iron giants
  31 Tzitzimimeh
  31 hellephants
  27 electric golems
  The ghost of Xootouk the Archmage, a master SpEn of Dithmenos (Zig:13)
  44 liches
  8 doom hounds
  28 Brimstone Fiends
  69 tentacled monstrosities
  71 Ice Fiends
  25 Orb Guardians (Zot:5)
  28 Hell Sentinels
  34 deep elf master archers
  25 quicksilver dragons
  6 quicksilver dragons (shapeshifter)
  42 titans
  15 deep elf blademasters
  33 sphinxes
  42 ancient champions
  9 death cobs
  42 Executioners
  33 tentacled starspawn
  164 acid blobs
  3 shadow dragons (shapeshifter)
  7 sphinxes (shapeshifter)
  Roxanne (Swamp:3)
  10 tengu reavers
  5 thorn hunters
  21 shadow dragons
  83 draconian monks
  54 fire giants
  29 storm dragons
  67 azure jellies
  51 revenants
  7 azure jellies (shapeshifter)
  155 nagarajas
  5 daevas
  143 draconian knights
  A ghost moth (shapeshifter) (Zig:12)
  5 frost giants (shapeshifter)
  3 fire giants (shapeshifter)
  25 vault wardens
  57 frost giants
  21 warmongers
  An iron dragon (shapeshifter) (Zig:23)
  12 iron dragons
  107 draconian scorchers
  55 orc warlords
  Aizul (Swamp:4)
  11 deep elf sorcerers
  37 curse skulls
  85 draconian shifters
  163 ghost moths
  66 balrugs
  7 ghouls
  28 cacodemons
  116 draconian stormcallers
  84 emperor scorpions
  9 deep elf elementalists
  13 juggernaut zombies
  33 war gargoyles
  109 draconian annihilators
  7 angels
  9 caustic shrike skeletons
  103 reapers
  2 entropy weavers (shapeshifter) (Zig:23)
  11 caustic shrike zombies
  87 stone giants
  6 juggernaut skeletons
  A spriggan defender (Depths:1)
  36 bennus
  5 stone giants (shapeshifter)
  107 entropy weavers
  3 apis (Zig:11)
  53 green draconians
  4 ophanim
  33 ironheart preservers
  91 very ugly things
  37 black suns
  64 yellow draconians
  20 blood saints
  32 corrupters
  43 vampire knights
  20 deep elf demonologists
  A minotaur (shapeshifter) (Zig:12)
  18 lorocyprocas
  15 deep elf annihilators
  39 dire elephants
  62 black draconians
  2 spectral titans (Crypt:3)
  54 white draconians
  34 spark wasps
  40 red draconians
  51 merfolk javelineers
  48 purple draconians
  40 ettins
  2 dire elephants (shapeshifter)
  37 green deaths
  9 quicksilver dragon zombies
  25 deep elf death magi
  A crystal guardian (Vaults:2)
  102 mummy priests
  82 blizzard demons
  48 eidola
  38 fire dragons
  A fire dragon (shapeshifter) (Zig:13)
  2 merfolk impalers (Zig:13)
  6 spectral quicksilver dragons (Crypt:3)
  2 spectral golden dragons (Crypt:3)
  A spectral kraken (Tar:7)
  2 kraken zombies
  18 jiangshi
  22 death oozes
  14 deep elf high priests
  59 yaktaur captains
  10 rakshasas
  Harold (D:8)
  48 great orbs of eyes
  16 hell beasts
  A caustic shrike simulacrum (Zig:26)
  4 monstrous demonspawn
  18 spriggan air magi
  31 boulder beetles
  The ghost of Seacu the Spear-Bearer, a journeyman HuMo of Wu Jian (Lair:1)
  18 ghost crabs
  37 naga warriors
  26 vault guards
  120 hydras
  A merfolk avatar (Zig:20)
  43 anacondas
  A boulder beetle (shapeshifter) (Zig:23)
  16 shambling mangroves
  14 alligator snapping turtles
  4 juggernaut simulacra
  40 centaur warriors
  21 catoblepae
  3 two-headed ogres (shapeshifter)
  3 quicksilver dragon skeletons
  2 catoblepae (shapeshifter)
  44 ice dragons
  Erica (D:11)
  44 two-headed ogres
  2 alligator snapping turtles (shapeshifter)
  2 anacondas (shapeshifter)
  24 merfolk aquamancers
  43 dancing weapons
  10 death knights
  16 deep troll shamans
  28 satyrs
  22 ogre magi
  6 deep troll earth magi
  54 vampire magi
  14 hell hogs
  2 spectral fire giants (Crypt:3)
  15 death yaks
  22 alligators
  2 satyrs (shapeshifter)
  85 death scarabs
  Urug (Lair:6)
  5 tengu warriors
  13 titan zombies
  A spectral dire elephant (Crypt:3)
  29 thrashing horrors
  40 shock serpents
  3 shock serpents (shapeshifter)
  10 spriggan berserkers
  53 orc high priests
  23 hell knights
  88 naga sharpshooters
  A spectral storm dragon (Crypt:3)
  55 deep elf knights
  21 sun demons
  12 storm dragon zombies
  50 soul eaters
  11 iron golems
  16 fire crabs
  Sonja (D:11)
  6 salamander mystics
  98 skeletal warriors
  27 sixfirhies
  32 shadow wraiths
  52 wretched stars
  A death drake (shapeshifter) (Zig:12)
  2 spectral anacondas
  A spectral ghost moth (Crypt:3)
  24 death drakes
  36 iron trolls
  12 golden dragon zombies
  24 spriggan druids
  13 titan skeletons
  3 iron trolls (shapeshifter)
  An entropy weaver zombie (Crypt:2)
  3 spark wasp zombies
  48 deep trolls
  18 spatial maelstroms
  11 sea snakes
  18 naga ritualists
  An iron giant zombie (Crypt:3)
  2 storm dragon skeletons
  2 sea snakes (shapeshifter)
  2 unseen horrors (shapeshifter)
  7 anaconda zombies
  A quicksilver dragon simulacrum (Zig:15)
  20 glowing orange brains
  12 orange crystal statues
  4 swamp dragons (shapeshifter)
  52 swamp dragons
  7 torturous demonspawn
  6 unseen horrors
  3 deep trolls (shapeshifter)
  45 flayed ghosts
  7 gelid demonspawn
  2 anaconda skeletons
  37 deep elf archers
  34 shadow demons
  4 cherubim (Zig:11)
  3 spectral iron dragons (Crypt:3)
  6 infernal demonspawn
  2 lindwurms (shapeshifter)
  50 phantasmal warriors
  5 wizards
  2 wolf spider zombies
  52 orc knights
  76 ugly things
  10 golden dragon skeletons
  6 sphinx zombies
  38 ironbrand convokers
  18 obsidian statues
  2 mana vipers (shapeshifter)
  A lindwurm (Zig:8)
  37 necromancers
  12 tengu zombies
  5 fire giant zombies
  2 fauns (shapeshifter)
  11 iron dragon zombies
  122 orb spiders
  9 shadow dragon zombies
  117 wolf spiders
  33 fauns
  50 oklob plants
  19 harpies
  An orb spider (shapeshifter) (Vaults:1)
  12 tengu skeletons
  7 frost giant zombies
  137 deep elf magi
  21 elephants
  25 mana vipers
  49 orc sorcerers
  10 shadow dragon skeletons
  A spectral fire dragon (Crypt:3)
  2 moths of wrath (shapeshifter)
  45 cyclopes
  13 manticores
  4 manticores (shapeshifter)
  A shining eye (shapeshifter) (Zig:7)
  31 shining eyes
  2 salamanders (shapeshifter)
  8 wolf spiders (shapeshifter)
  13 iron dragon skeletons
  10 worldbinders
  18 salamanders
  3 stone giant zombies
  60 guardian serpents
  3 sphinx skeletons
  7 merfolk sirens
  10 spriggan zombies
  2 stone giant skeletons
  4 cyclopes (shapeshifter)
  38 vault sentinels
  7 elephants (shapeshifter)
  A shock serpent zombie (Crypt:2)
  19 ice statues
  6 water nymphs (shapeshifter)
  96 moths of wrath
  3 fire giant skeletons
  65 rust devils
  27 apocalypse crabs
  A dire elephant zombie (Geh:6)
  21 eyes of devastation
  62 naga magi
  4 water nymphs
  2 black mambas (shapeshifter)
  2 centaur zombies
  6 frost giant skeletons
  2 guardian serpents (shapeshifter)
  2 storm dragon simulacra
  A molten gargoyle (Zig:22)
  17 elf zombies
  59 smoke demons
  162 black mambas
  A titan simulacrum (Depths:3)
  An eye of devastation (shapeshifter) (Vaults:5)
  11 spectral swamp worms
  18 orange demons
  17 spriggan skeletons
  94 torpor snails
  8 torpor snails (shapeshifter)
  71 cane toads
  A dire elephant skeleton (Tomb:2)
  2 emperor scorpion zombies
  An alligator snapping turtle zombie (Crypt:1)
  4 gargoyles
  27 rime drakes
  2 yaktaurs (shapeshifter)
  66 freezing wraiths
  A catoblepas zombie (Crypt:2)
  2 anaconda simulacra
  2 rime drakes (shapeshifter)
  84 tormentors
  34 hellions
  72 ice devils
  20 efreet
  A komodo dragon (shapeshifter) (Vaults:3)
  230 guardian mummies
  A spark wasp simulacrum (Zig:15)
  92 demonic crawlers
  A catoblepas skeleton (Coc:1)
  2 tengu conjurers
  34 hellwings
  24 elf skeletons
  50 komodo dragons
  2 spectral merfolk (Depths:4)
  A golden dragon simulacrum (Zig:27)
  23 red devils
  76 yaktaurs
  2 polar bears (shapeshifter)
  A troll (shapeshifter) (Vaults:2)
  An iron troll skeleton (Crypt:2)
  25 trolls
  2 silent spectres (Abyss:3)
  29 tyrant leeches
  36 ancient zymes
  3 merfolk (shapeshifter)
  2 meliai (shapeshifter)
  17 polar bears
  A tyrant leech (shapeshifter) (Zig:13)
  A queen bee (shapeshifter) (Zig:23)
  2 wind drakes
  5 hydra zombies
  110 large abominations
  14 merfolk
  3 jumping spiders (shapeshifter)
  87 jumping spiders
  6 ettin zombies
  A sphinx simulacrum (Zig:10)
  82 hornets
  5 dream sheep
  A harpy skeleton (D:14)
  A harpy zombie (Dis:7)
  A blink frog (shapeshifter) (D:14)
  4 dream sheep (shapeshifter)
  23 bog bodies
  3 slime creatures (shapeshifter)
  5 hydra skeletons
  A stone giant simulacrum (Depths:3)
  49 blink frogs
  3 shadow dragon simulacra (Zig:27)
  A fire dragon zombie (Crypt:2)
  2 raiju (shapeshifter)
  44 raiju
  156 slime creatures
  An ice dragon zombie (Hell)
  118 flying skulls
  3 frost giant simulacra
  2 spectral black mambas (Crypt:3)
  3 snapping turtles
  A snapping turtle (shapeshifter) (Zig:20)
  18 air elementals
  15 spriggans
  4 ettin skeletons
  33 shadows
  5 vampires
  119 redbacks
  2 alligator skeletons
  3 iron dragon simulacra
  2 black mamba zombies
  44 wraiths
  78 tarantellas
  2 tarantellas (shapeshifter)
  73 yaks
  33 ynoxinuls
  4 fire dragon skeletons
  2 redbacks (shapeshifter)
  36 water elementals
  2 spriggans (shapeshifter)
  A wind drake zombie (Crypt:1)
  82 ushabtiu
  A black mamba skeleton (Tomb:3)
  4 elf simulacra
  14 wyverns
  5 yaks (shapeshifter)
  A hog (shapeshifter) (D:15)
  33 vampire mosquitoes
  Grum (D:10)
  43 chaos spawn
  4 ice dragon skeletons
  28 golden eyes
  40 neqoxecs
  2 steam dragons
  8 basilisks
  38 fire elementals
  A minotaur simulacrum (Depths:4)
  The ghost of qipq the Firebug, an amateur HuFE (D:3)
  An emperor scorpion simulacrum (Hell)
  12 swamp worms
  9 spatial vortices
  39 wargs
  72 nagas
  An acid dragon (shapeshifter) (Zig:23)
  33 insubstantial wisps
  4 acid dragons
  2 gelid demonspawn zombies
  3 swamp worms (shapeshifter)
  An ogre zombie (Vaults:1)
  A spectral snapping turtle (Crypt:3)
  46 hell hounds
  2 spectral spriggans (Depths:4)
  A hydra simulacrum (Depths:4)
  A deep troll skeleton (Crypt:1)
  2 spectral trolls (Depths:4)
  2 soldier ants (shapeshifter)
  4 cane toad zombies
  17 floating eyes
  54 water moccasins
  4 floating eyes (shapeshifter)
  A black bear (shapeshifter) (Vaults:3)
  144 orc warriors
  An ice beast (shapeshifter) (Zig:17)
  7 black bears
  17 swamp drakes
  A fire dragon simulacrum (Crypt:3)
  27 ice beasts
  A snapping turtle zombie (Crypt:1)
  A cane toad skeleton (Geh:7)
  An eye of draining (shapeshifter) (Zig:20)
  A manticore zombie (Tar:7)
  7 phantoms
  A swamp dragon zombie (Dis:7)
  4 sky beasts
  34 eyes of draining
  11 necrophages
  39 small abominations
  A centaur (shapeshifter) (Zig:23)
  A torpor snail zombie (Crypt:2)
  67 wolves
  2 snapping turtle skeletons
  A hog zombie (Crypt:2)
  A manticore skeleton (Coc:7)
  74 ogres
  32 centaurs
  An ogre (shapeshifter) (D:13)
  A dream sheep skeleton (Crypt:2)
  4 big kobolds
  A yaktaur zombie (Vaults:1)
  27 bullfrogs
  13 earth elementals
  A wyvern zombie (D:9)
  2 human simulacra
  2 glowing shapeshifter simulacra
  2 merfolk simulacra (Depths:4)
  A wyvern skeleton (D:12)
  5 scorpions
  A troll zombie (D:15)
  2 spectral ogres (Depths:4)
  A spectral naga (Depths:4)
  A polar bear skeleton (Crypt:1)
  A vampire bat (D:4)
  37 wights
  8 electric eels
  5 howler monkeys
  A spectral centaur (Depths:4)
  A bullfrog zombie (D:5)
  10 crimson imps
  5 human zombies
  3 quasits
  102 starcursed masses
  9 jellies
  3 bullfrog skeletons
  7 centaur skeletons
  9 hounds
  26 orc wizards
  Crazy Yiuf (D:4)
  29 orc priests
  43 iron imps
  A gnoll shaman (D:6)
  8 human skeletons
  2 iguanas
  11 hell rats
  12 lightning spires
  12 worker ants
  3 polar bear simulacra (Lair:4)
  4 spriggan simulacra
  3 yak simulacra (Lair:4)
  A killer bee zombie (D:8)
  3 wolf simulacra (Lair:4)
  A demigod zombie (Crypt:3)
  A naga zombie (Crypt:1)
  A bullfrog simulacrum (D:13)
  2 naga skeletons
  An ogre skeleton (Crypt:3)
  A hound zombie (D:10)
  3 hound skeletons
  280 mummies
  3 worker ant zombies
  13 gnolls
  A howler monkey skeleton (D:5)
  14 adders
  A naga simulacrum (Depths:4)
  12 shadow imps
  26 white imps
  2 ufetubi
  3 oozes
  2 adder skeletons
  2 adder zombies
  3 worms
  3 ball lightnings (Zig:20)
  9 fire bats
  5 leopard geckos
  87 orcs
  2 spectral bats (D:4)
  A ball python (D:5)
  15 bats
  3 bat skeletons (D:4)
  A bat zombie (D:4)
  3 giant cockroaches
  12 goblins
  9 hobgoblins
  3 jackals
  19 kobolds
  2 quokkas
  A bat simulacrum (D:4)
  4 frilled lizards
  A frilled lizard skeleton (Crypt:3)
  A hobgoblin skeleton (Crypt:2)
  A jackal skeleton (D:4)
  A kobold zombie (Coc:7)
  2 leopard gecko skeletons
  An orc skeleton (Tar:3)
  An orc zombie (Crypt:3)
  2 quokka skeletons
  A quokka zombie (D:6)
  5 rats
  A rat skeleton (Crypt:1)
  A rat zombie (Crypt:1)
  2 river rat simulacra (Lair:4)
  A spectral kobold (Crypt:3)
  144 blocks of ice
  15 briar patches
  A bush (D:4)
  161 fire vortices
  A fungus (Orc:2)
  12 plants
  11 starspawn tentacles
  6 tentacles
13472 creatures vanquished.

Vanquished Creatures (collateral kills)
  A golden dragon (Zig:18)
  A lich (Depths:5)
  A Tzitzimitl (Zig:6)
  An Ice Fiend (Zig:25)
  5 acid blobs
  A sphinx (Zig:6)
  4 azure jellies
  A nagaraja (Snake:4)
  A fire giant (Zig:18)
  A cacodemon (Zig:3)
  2 emperor scorpions
  A draconian stormcaller (Zig:4)
  An entropy weaver (Zig:18)
  A death ooze (Slime:5)
  A titan zombie (Zig:25)
  A large abomination (Zig:17)
  A shining eye (Zig:6)
  A wolf spider (Zig:27)
  A spriggan zombie (Zig:25)
  An elf zombie (Zig:26)
  A jumping spider (Zig:12)
  3 slime creatures
  A tarantella (Zig:27)
  A floating eye (Zig:20)
  A floating eye (shapeshifter) (Zig:4)
  3 eyes of draining
  A block of ice (Zig:16)
39 creatures vanquished.

Vanquished Creatures (others)
  A Killer Klown (Zig:20)
  4 pandemonium lords (Zig:20)
  A tentacled monstrosity (Zot:3)
  A nagaraja (Zig:16)
  A draconian knight (Zig:25)
  A ghost moth (Zig:23)
  A draconian stormcaller (Zig:13)
  A draconian shifter (Zot:3)
  A draconian annihilator (Zig:8)
  A stone giant (Zig:23)
  A green draconian (Zot:3)
  A black draconian (Zig:24)
  A white draconian (Zig:8)
  2 blizzard demons (Pan)
  A yellow draconian (Zig:24)
  An ettin (Vaults:2)
  2 fire dragons (Zig:12)
  A deep elf high priest (Elf:3)
  A merfolk aquamancer (Zig:17)
  A sea snake (Snake:4)
  An anaconda zombie (Hell)
  A wizard (Abyss:3)
  A deep elf archer (Elf:1)
  An ugly thing (Zig:20)
  A black mamba (Zig:7)
  2 smoke demons
  A cane toad (shapeshifter) (Zig:20)
  2 yaks
  A ynoxinul (Pan)
  A wyvern (Zig:21)
  4 hell hounds
  An insubstantial wisp (Zig:22)
  An ogre (D:11)
  A centaur (Zig:12)
  3 wights
  A centaur zombie (Hell)
  An orc priest (Snake:3)
  An iron imp (Dis:7)
  A mummy (Tomb:2)
  A giant cockroach (D:8)
  A quokka (D:8)
  237 blocks of ice
  2 briar patches
  454 fire vortices
  63 fungi
  172 plants
  14 starspawn tentacles
  6 tentacles
1001 creatures vanquished.

Grand Total: 14512 creatures vanquished

Notes
Turn   | Place    | Note
-------+----------+-------------------------------------------
     0 | D:1      | Pyrtan the Gargoyle Earth Elementalist began the quest for
                  | the Orb.
     0 | D:1      | Reached XP level 1. HP: 10/10 MP: 3/3
   146 | D:1      | Reached XP level 2. HP: 14/15 MP: 3/5
   673 | D:1      | Reached XP level 3. HP: 19/19 MP: 6/6
   678 | D:1      | Learned a level 3 spell: Stone Arrow
  1253 | D:2      | Reached skill level 1 in Conjurations
  1598 | D:2      | Found a glowing golden altar of the Shining One.
  1621 | D:2      | Reached XP level 4. HP: 23/24 MP: 8/8
  2122 | D:2      | Found a basalt altar of Yredelemnul.
  2295 | D:3      | Reached skill level 5 in Earth Magic
  2330 | D:3      | Reached XP level 5. HP: 13/28 MP: 7/9
  2867 | D:3      | Found a large runed translucent door.
  2867 | D:3      | Found a large runed translucent door.
  2871 | D:3      | Noticed qipq's ghost (amateur HuFE)
  2885 | D:3      | Killed qipq's ghost
  2885 | D:3      | Reached XP level 6. HP: 27/32 MP: 2/11
  3402 | D:4      | You fall into a shaft and drop 2 floors!
  3468 | D:6      | Found Navu's Antique Weapon Shoppe.
  3487 | D:6      | Reached XP level 7. HP: 35/36 MP: 5/13
  3580 | D:6      | Learned a level 5 spell: Lee's Rapid Deconstruction
  3703 | D:6      | Bought a runed morningstar for 140 gold pieces
  3994 | D:5      | Entered Level 5 of the Dungeon
  4141 | D:5      | Reached skill level 1 in Fighting
  4141 | D:5      | Reached skill level 1 in Armour
  4307 | D:4      | Found a runed translucent door.
  4308 | D:4      | Noticed Crazy Yiuf
  4318 | D:4      | Killed Crazy Yiuf
  4318 | D:4      | Reached skill level 1 in Maces & Flails
  4561 | D:4      | Reached skill level 1 in Evocations
  4589 | D:4      | Reached XP level 8. HP: 36/43 MP: 15/15
  5541 | D:5      | Found a radiant altar of Vehumet.
  5559 | D:5      | Reached skill level 5 in Spellcasting
  5583 | D:5      | Became a worshipper of Vehumet
  5962 | D:5      | Found a shimmering blue altar of Sif Muna.
  6162 | D:5      | Reached skill level 5 in Conjurations
  6485 | D:6      | Found a staircase to the Ecumenical Temple.
  6501 | Temple   | Entered the Ecumenical Temple
  6805 | D:6      | Found Utweicug's Magic Scroll Boutique.
  6811 | D:6      | Bought a scroll of identify for 24 gold pieces
  6811 | D:6      | Bought a scroll of blinking for 90 gold pieces
  6835 | D:6      | Gained mutation: Your flesh is cold resistant. (rC+)
                  | [potion of mutation]
  6835 | D:6      | Gained mutation: You are resistant to hostile enchantments.
                  | (MR+) [potion of mutation]
  6835 | D:6      | Gained mutation: You expend magic power (3 MP) to
                  | strengthen your wands. [potion of mutation]
  7061 | D:6      | Found Xacwugraiq's Antique Armour Emporium.
  7215 | D:6      | Reached XP level 9. HP: 38/49 MP: 12/16
  8187 | D:7      | Found a stormy altar of Qazlal.
  8359 | D:7      | Found an opulent altar of Gozag.
  8560 | D:7      | Found a hazy altar of Hepliaklqana.
  8935 | D:8      | Identified the +4 scimitar "Vofusich" {flame, rElec Int+3}
  8945 | D:8      | Reached * piety under Vehumet
  8945 | D:8      | Offered knowledge of Freeze by Vehumet.
  9145 | D:8      | Reached XP level 10. HP: 56/56 MP: 18/18
  9303 | D:8      | Found a shimmering altar of Xom.
  9376 | D:8      | Found a white marble altar of Elyvilon.
  9817 | D:8      | Noticed a death yak
  9817 | D:8      | Noticed a death yak
  9819 | D:8      | Noticed a death yak
  9819 | D:8      | Noticed a death yak
 10130 | D:7      | Found an ancient bone altar of Kikubaaqudgha.
 10200 | D:7      | Learned a level 2 spell: Passwall
 10250 | D:8      | Noticed a death yak
 10330 | D:8      | Noticed Harold
 10350 | D:8      | Killed Harold
 10413 | D:8      | Found a staircase to the Lair.
 10438 | D:9      | Offered knowledge of Foxfire by Vehumet.
 10519 | D:9      | Learned a level 3 spell: Mephitic Cloud
 10614 | D:9      | Reached ** piety under Vehumet
 10710 | D:9      | Found Nonam's Antique Armour Shoppe.
 10722 | D:9      | You fall into a shaft and drop 2 floors!
 10722 | D:11     | Found a flagged portal.
 10727 | Bailey   | Entered a bailey
 10924 | Bailey   | Noticed an orc knight
 11048 | Bailey   | Noticed an orc knight
 11052 | Bailey   | Reached skill level 5 in Armour
 11060 | Bailey   | Killed an orc knight
 11060 | Bailey   | Reached skill level 5 in Fighting
 11087 | Bailey   | Killed an orc knight
 11332 | D:11     | Identified the +4 rapier "Said" {venom, rN++}
 11332 | D:11     | Noticed a tengu warrior
 11335 | D:11     | Noticed Sonja
 11344 | D:11     | Killed an unseen horror
 11344 | D:11     | Reached XP level 11. HP: 56/64 MP: 6/20
 11346 | D:11     | Reached skill level 5 in Maces & Flails
 11347 | D:11     | Noticed Erica
 11351 | D:11     | Killed Sonja
 11389 | D:11     | Offered knowledge of Frozen Ramparts by Vehumet.
 11394 | D:11     | Killed Erica
 11394 | D:11     | Reached skill level 5 in Dodging
 11419 | D:11     | Identified the ring "Cavap" {AC+4 Str+4 Int+2 Dex-2}
 11426 | D:11     | Noticed a two-headed ogre
 11426 | D:11     | Noticed a fire giant
 11430 | D:11     | Found a runed translucent door.
 11530 | D:11     | Noticed a white ugly thing
 11539 | D:11     | Killed a white ugly thing
 12069 | D:11     | Found Wuhigedu's Antique Armour Shoppe.
 12142 | D:11     | Noticed a cyclops
 12147 | D:11     | Killed a cyclops
 12389 | D:10     | Entered Level 10 of the Dungeon
 12438 | D:10     | Reached skill level 5 in Evocations
 12508 | D:10     | Reached *** piety under Vehumet
 12626 | D:10     | Noticed Grum
 12634 | D:10     | Killed Grum
 13004 | D:9      | Found a shimmering blue altar of Sif Muna.
 13020 | D:9      | Killed a death yak
 13034 | D:9      | Reached skill level 10 in Earth Magic
 13228 | D:9      | Bought a pair of steaming boots for 304 gold pieces
 13233 | D:9      | Identified the +1 pair of boots of the Known World {rPois
                  | rF- MR+++ rCorr} (You bought it in a shop on level 9 of the
                  | Dungeon)
 13268 | D:9      | Found a staircase to the Orcish Mines.
 13427 | D:9      | Offered knowledge of Sticky Flame by Vehumet.
 13522 | D:9      | Found a blossoming altar of Fedhas.
 13605 | D:8      | Killed a death yak
 13605 | D:8      | Reached XP level 12. HP: 71/71 MP: 8/22
 13714 | D:8      | Killed a death yak
 14069 | D:12     | Noticed a centaur warrior
 14110 | D:12     | Killed a centaur warrior
 14524 | D:12     | Reached **** piety under Vehumet
 14610 | D:12     | Noticed a boulder beetle
 14611 | D:12     | Offered knowledge of Olgreb's Toxic Radiance by Vehumet.
 14622 | D:12     | Killed a boulder beetle
 14875 | D:13     | Noticed a seven-headed hydra
 14888 | D:13     | Killed a one-headed hydra
 15135 | D:13     | Noticed a boulder beetle
 15148 | D:13     | Killed a boulder beetle
 15267 | D:13     | Noticed a boulder beetle
 15271 | D:13     | Noticed a six-headed hydra
 15293 | D:13     | Found a frozen archway.
 15297 | IceCv    | Entered an ice cave
 15708 | IceCv    | Reached XP level 13. HP: 48/78 MP: 25/25
 15987 | IceCv    | Reached ***** piety under Vehumet
 15990 | IceCv    | Offered knowledge of Starburst by Vehumet.
 16201 | IceCv    | Learned a level 6 spell: Starburst
 16477 | IceCv    | Reached skill level 1 in Fire Magic
 16749 | IceCv    | Noticed a frost giant
 16756 | IceCv    | Killed a frost giant
 17751 | D:13     | Reached skill level 10 in Conjurations
 18385 | D:13     | Identified the +6 scythe "Kounter" {flame, rC+ Str-4 Dex+3}
 18697 | D:13     | Gained mutation: Your large and strong wings let you fly
                  | indefinitely. [Gargoyle growth]
 18697 | D:13     | Reached XP level 14. HP: 58/86 MP: 20/26
 18969 | D:13     | Found a gate to the Vaults.
 19175 | D:13     | Reached skill level 5 in Fire Magic
 20135 | D:14     | Identified the +1 falchion of Jerph {freeze, rPois rF-
                  | Dex+3} (You found it on level 14 of the Dungeon)
 20776 | D:14     | Found Gozag's Platinum Reserve.
 20776 | D:14     | Found an opulent altar of Gozag.
 21102 | D:14     | Offered knowledge of Conjure Ball Lightning by Vehumet.
 21651 | Lair:1   | Entered Level 1 of the Lair of Beasts
 21691 | Lair:1   | Identified a scroll of acquirement
 21691 | Lair:1   | Acquired Iwnaunan's Grimoire of Burning Stones
 21699 | Lair:1   | Learned a level 5 spell: Fireball
 21732 | Lair:1   | You are sucked into a shaft and drop 1 floor!
 22043 | Lair:1   | Got a twitching ivory amulet
 22044 | Lair:1   | Identified the amulet "Ikheejae" {Reflect +Blink rC+ Int+3
                  | Dex-3 SH+5} (You found it on level 1 of the Lair of Beasts)
 22059 | Lair:1   | Learned a level 6 spell: Iron Shot
 22077 | Lair:1   | Acquired the +7 great mace of the Elven Halls {vorpal,
                  | Int+4 Dex+8}
 22299 | Lair:1   | Found a runed translucent gate.
 22299 | Lair:1   | Found a runed translucent gate.
 22299 | Lair:1   | Found a runed translucent gate.
 22302 | Lair:1   | Found a viscous altar of Jiyva.
 22302 | Lair:1   | Noticed Seacu's ghost (journeyman HuMo)
 22566 | Lair:1   | You are sucked into a shaft and drop 1 floor!
 23220 | Lair:2   | Found a large runed translucent door.
 23221 | Lair:2   | Found a large runed translucent door.
 23233 | Lair:2   | Noticed Foov Itu's ghost (journeyman GrEE)
 23805 | Lair:3   | Found a staircase to the Snake Pit.
 24298 | Lair:4   | You are sucked into a shaft and drop 1 floor!
 24298 | Lair:5   | Found a staircase to the Slime Pits.
 24298 | Lair:5   | Found a viscous altar of Jiyva.
 24476 | Lair:5   | Reached skill level 10 in Fighting
 24869 | Lair:5   | Reached XP level 15. HP: 79/92 MP: 21/28
 25550 | Lair:4   | Offered knowledge of Freezing Cloud by Vehumet.
 25728 | Lair:4   | Found a staircase to the Swamp.
 26043 | Lair:5   | You are sucked into a shaft and drop 1 floor!
 26043 | Lair:6   | Entered Level 6 of the Lair of Beasts
 26046 | Lair:6   | Noticed Urug
 26053 | Lair:6   | Killed Urug
 26275 | Lair:6   | Found a bloodstained altar of Trog.
 27130 | Lair:6   | Reached skill level 10 in Spellcasting
 27348 | Lair:6   | Offered knowledge of Irradiate by Vehumet.
 28366 | Orc:1    | Entered Level 1 of the Orcish Mines
 28685 | Orc:2    | Entered Level 2 of the Orcish Mines
 28819 | Orc:2    | Found Eschem's Book Boutique.
 29095 | Orc:2    | Noticed an orc warlord
 29103 | Orc:2    | Killed an orc warlord
 29107 | Orc:2    | Found a staircase to the Elven Halls.
 29220 | Orc:2    | Found a roughly hewn altar of Beogh.
 29603 | Orc:2    | Found Maorch's General Store.
 29715 | Orc:2    | Found Zaon Uma's Antique Armour Emporium.
 29802 | Orc:2    | Found Yrarph's Antique Weapon Shop.
 30196 | D:15     | Entered Level 15 of the Dungeon
 30197 | D:15     | Found Riff's Armour Emporium.
 30350 | D:15     | Found a staircase to the Depths.
 30350 | D:15     | Noticed a fire giant
 30358 | D:15     | Killed a fire giant
 30358 | D:15     | Reached skill level 10 in Maces & Flails
 30358 | D:15     | Reached XP level 16. HP: 38/99 MP: 21/30
 30644 | D:15     | Offered knowledge of Ozocubu's Refrigeration by Vehumet.
 30785 | D:15     | Found a basalt altar of Yredelemnul.
 31796 | Snake:1  | Entered Level 1 of the Snake Pit
 31958 | Snake:1  | Reached skill level 10 in Fire Magic
 33459 | Snake:2  | Offered knowledge of Lightning Bolt by Vehumet.
 35333 | Snake:3  | Reached XP level 17. HP: 65/106 MP: 23/31
 35831 | Snake:3  | Noticed Saint Roka
 35843 | Snake:3  | Killed Saint Roka
 36279 | Snake:3  | Noticed Mara
 36293 | Snake:3  | Killed Mara
 36671 | Snake:4  | Entered Level 4 of the Snake Pit
 36827 | Swamp:1  | Entered Level 1 of the Swamp
 36929 | Swamp:1  | Reached ****** piety under Vehumet
 36997 | Swamp:1  | Offered knowledge of Lehudib's Crystal Spear by Vehumet.
 37188 | Swamp:1  | Learned a level 8 spell: Lehudib's Crystal Spear
 39359 | Swamp:3  | Noticed Roxanne
 39365 | Swamp:3  | Killed Roxanne
 39728 | Swamp:4  | Entered Level 4 of the Swamp
 40191 | Swamp:4  | Reached skill level 10 in Dodging
 40528 | Swamp:4  | Reached XP level 18. HP: 100/112 MP: 30/33
 40528 | Swamp:4  | Noticed Aizul
 40543 | Swamp:4  | Killed Aizul
 41455 | Swamp:4  | Got a decaying rune of Zot
 41852 | Snake:4  | Noticed Vashnia
 42416 | Snake:4  | Killed Vashnia
 42870 | Snake:4  | Reached skill level 15 in Earth Magic
 43337 | Snake:4  | Reached XP level 19. HP: 98/119 MP: 24/34
 44084 | Snake:4  | Offered knowledge of Chain Lightning by Vehumet.
 44084 | Snake:4  | Offered knowledge of Ignition by Vehumet.
 44084 | Snake:4  | Offered knowledge of Absolute Zero by Vehumet.
 44535 | Snake:4  | Got a serpentine rune of Zot
 44600 | Snake:4  | Learned a level 8 spell: Ignition
 44883 | Elf:1    | Entered Level 1 of the Elven Halls
 46587 | Elf:2    | Found a huge runed translucent gate.
 46587 | Elf:2    | Found a huge runed translucent gate.
 46588 | Elf:2    | Found a huge runed translucent gate.
 47298 | Elf:2    | Reached XP level 20. HP: 113/126 MP: 5/36
 47597 | Elf:2    | Found a huge runed translucent gate.
 47597 | Elf:2    | Found a huge runed translucent gate.
 47650 | Elf:3    | Entered Level 3 of the Elven Halls
 48055 | Elf:3    | Found Alifeg's Jewellery Emporium.
 48064 | Elf:3    | Bought the ring of Shadows {Umbra +Inv Stlth+} for 480 gold
                  | pieces
 48064 | Elf:3    | Found the ring of Shadows {Umbra +Inv Stlth+}
 48644 | D:11     | Identified the ring of Fubre {+Blink rF+ Int+3 SInv} (You
                  | found it on level 11 of the Dungeon)
 49458 | Elf:3    | Reached skill level 15 in Fire Magic
 49635 | Elf:3    | Noticed a Brimstone Fiend
 50032 | Elf:3    | Identified the cursed +1 scimitar of the Mind {elec, +Rage
                  | rPois Str+3}
 50075 | Elf:3    | Noticed a Tzitzimitl
 50077 | Elf:3    | Identified the ring "Irod" {rPois Dex+6}
 50457 | Elf:3    | Noticed a Brimstone Fiend
 50611 | Elf:3    | Found the +7 Spriggan's Knife {stab, EV+4 Stlth+}
 50716 | Elf:3    | Identified the Grimoire of the Volcanoes and the Traveller
 50743 | Elf:3    | Identified the Collected Works on Mutagenic Ice
 50746 | Elf:3    | Identified the Compendium of the Voyage and Weightlessness
 51058 | Elf:3    | Found Alifeg's Jewellery Emporium.
 51769 | Vaults:1 | Entered Level 1 of the Vaults
 52076 | Vaults:1 | Reached XP level 21. HP: 109/132 MP: 32/37
 52417 | Vaults:1 | Found a portal to a secret trove of treasure.
 53241 | Vaults:1 | Reached skill level 15 in Conjurations
 53247 | Vaults:1 | Identified Sif Muna's Catalogue of Heat
 54206 | Vaults:2 | Noticed Margery
 54216 | Vaults:2 | Killed Margery
 55002 | Vaults:2 | Found Meddonening's Book Shoppe.
 55280 | Vaults:2 | Reached XP level 22. HP: 134/139 MP: 29/39
 56522 | Lair:1   | Killed Seacu's ghost
 56652 | Orc:2    | Bought a scroll of fog for 24 gold pieces
 57091 | Vaults:3 | Learned a level 9 spell: Shatter
 57097 | Vaults:3 | Reached skill level 15 in Fighting
 57235 | Vaults:3 | Noticed Jory
 57242 | Vaults:3 | Killed Jory
 58184 | Vaults:3 | Found Hyephuba's Armour Emporium.
 58535 | Vaults:3 | Found a staircase to the Crypt.
 59175 | Vaults:4 | Gained mutation: You do not regenerate when monsters are
                  | visible. [mutagenic glow]
 59188 | Vaults:4 | Gained mutation: You are dopey. (Int -2) [mutagenic glow]
 59205 | Vaults:4 | Gained mutation: Your magical capacity is low. (-10% MP)
                  | [mutagenic glow]
 59221 | Vaults:4 | Gained mutation: You occasionally shout uncontrollably at
                  | your foes. [mutagenic glow]
 59444 | Vaults:4 | Lost mutation: Your magical capacity is low. (-10% MP)
                  | [potion of mutation]
 59444 | Vaults:4 | Lost mutation: You expend magic power (3 MP) to strengthen
                  | your wands. [potion of mutation]
 59444 | Vaults:4 | Lost mutation: You do not regenerate when monsters are
                  | visible. [potion of mutation]
 59444 | Vaults:4 | Lost mutation: You occasionally shout uncontrollably at
                  | your foes. [potion of mutation]
 59444 | Vaults:4 | Gained mutation: You have a pair of small horns on your
                  | head. [potion of mutation]
 59444 | Vaults:4 | Gained mutation: Your muscles are strong. (Str +2) [potion
                  | of mutation]
 59662 | Vaults:4 | Reached XP level 23. HP: 144/144 MP: 24/40
 61068 | Vaults:5 | Entered Level 5 of the Vaults
 61069 | Vaults:5 | Noticed Mennas
 61072 | Vaults:5 | Noticed a golden dragon
 61145 | Crypt:1  | Entered Level 1 of the Crypt
 61182 | Crypt:1  | Found a runed translucent gate.
 61182 | Crypt:1  | Found a runed translucent gate.
 61182 | Crypt:1  | Found a runed translucent gate.
 61182 | Crypt:1  | Noticed Etulorun's ghost (veteran MiBe)
 63326 | Crypt:2  | Noticed a greater mummy
 63333 | Crypt:2  | Killed a greater mummy
 63762 | Crypt:2  | Noticed Khufu
 63766 | Crypt:2  | Killed Khufu
 64199 | Crypt:2  | Found a runed translucent door.
 64210 | Crypt:2  | Noticed Nyot's ghost (veteran GrFi)
 64252 | Crypt:2  | Reached XP level 24. HP: 148/151 MP: 41/41
 64835 | Crypt:2  | Noticed Bai Suzhen
 64844 | Crypt:2  | Killed Bai Suzhen
 64851 | Crypt:2  | Noticed Frederick
 64869 | Crypt:2  | Killed Frederick
 65180 | Crypt:3  | Entered Level 3 of the Crypt
 65203 | Crypt:3  | Found a staircase to the Tomb.
 66374 | Crypt:3  | Got a clouded tin ring
 66375 | Crypt:3  | Identified the ring "Maun" {rElec rCorr} (You found it on
                  | level 3 of the Crypt)
 66874 | Crypt:3  | Learned a level 5 spell: Borgnjor's Vile Clutch
 67809 | Depths:1 | Entered Level 1 of the Depths
 67892 | Depths:1 | Found the +8 Wrath of Trog {antimagic, *Rage}
 67947 | Depths:1 | Found a gateway to Hell.
 68463 | Depths:1 | Found Bumuran's Antique Armour Emporium.
 68487 | Depths:1 | Reached XP level 25. HP: 119/156 MP: 26/41
 68603 | Depths:1 | Acquired 1128 gold pieces
 68753 | Depths:1 | Identified the +8 quarterstaff "Zyigaf" {protect, rElec
                  | Int+3} (You found it on level 1 of the Depths)
 68808 | Depths:1 | Lost mutation: Your muscles are strong. (Str +2) [potion of
                  | mutation]
 68808 | Depths:1 | Lost mutation: You have a pair of small horns on your head.
                  | [potion of mutation]
 68808 | Depths:1 | Lost mutation: You are resistant to hostile enchantments.
                  | (MR+) [potion of mutation]
 68808 | Depths:1 | Gained mutation: You are agile. (Dex +2) [potion of
                  | mutation]
 68808 | Depths:1 | Gained mutation: You are very dopey. (Int -4) [potion of
                  | mutation]
 68808 | Depths:1 | Gained mutation: You are frail. (-10% HP) [potion of
                  | mutation]
 68808 | Depths:1 | Gained mutation: You possess an exceptional clarity of
                  | mind. [potion of mutation]
 68809 | Depths:1 | Lost mutation: You are frail. (-10% HP) [potion of
                  | mutation]
 68809 | Depths:1 | Lost mutation: You are agile. (Dex +2) [potion of mutation]
 68809 | Depths:1 | Lost mutation: You possess an exceptional clarity of mind.
                  | [potion of mutation]
 68809 | Depths:1 | Gained mutation: You have sharp fingernails. [potion of
                  | mutation]
 68809 | Depths:1 | Gained mutation: You passively map a small area around you.
                  | [potion of mutation]
 69420 | Depths:2 | Found the +7 great mace "Firestarter" {inner flame, rF++}
 69854 | Depths:2 | Reached XP level 26. HP: 143/161 MP: 38/41
 70137 | Depths:2 | Found a one-way gate to the infinite horrors of the Abyss.
 70980 | Depths:2 | Reached skill level 27 in Earth Magic
 71380 | Vaults:4 | Killed Mennas
 72155 | Vaults:5 | Reached skill level 10 in Evocations
 72803 | Vaults:5 | Reached skill level 15 in Maces & Flails
 72919 | Vaults:5 | Got a silver rune of Zot
 73048 | Vaults:5 | Identified the +8 morningstar of Wuolut {drain, rElec}
 73154 | Vaults:5 | Identified the Handbook of Ashen Confrontation
 73156 | Vaults:5 | Identified the Compendium of Stones and Changing
 73234 | Vaults:5 | Lost mutation: You are very dopey. (Int -4) [potion of
                  | mutation]
 73234 | Vaults:5 | Lost mutation: You are dopey. (Int -2) [potion of mutation]
 73234 | Vaults:5 | Lost mutation: Your flesh is cold resistant. (rC+) [potion
                  | of mutation]
 73234 | Vaults:5 | Lost mutation: You passively map a small area around you.
                  | [potion of mutation]
 73234 | Vaults:5 | Gained mutation: You have a somewhat thin skeletal
                  | structure. (Dex +2, Stealth) [potion of mutation]
 73234 | Vaults:5 | Gained mutation: You are partially covered in thin metallic
                  | scales. (AC +2) [potion of mutation]
 73572 | Vaults:5 | Reached XP level 27. HP: 168/168 MP: 30/41
 73744 | Vaults:5 | Paralysed by a great orb of eyes for 2 turns
 74332 | D:6      | Bought 2 scrolls of brand weapon for 480 gold pieces
 75433 | Depths:3 | Found a one-way gate leading to the halls of Pandemonium.
 75805 | Depths:3 | You are sucked into a shaft and drop 1 floor!
 75852 | Depths:4 | Noticed Xtahua
 75858 | Depths:4 | Killed Xtahua
 76830 | Depths:3 | Reached skill level 15 in Dodging
 77275 | Depths:4 | Reached skill level 15 in Spellcasting
 77548 | Depths:4 | Found the +7 Kryia's mail coat {PotionHeal*2 rC+}
 78428 | Vaults:1 | You paid a toll of 6 scrolls of fog to enter a treasure
                  | trove
 78429 | Trove    | Entered a treasure trove
 78464 | Trove    | Identified Sif Muna's Disquisition on the Compass and
                  | Conjuration
 78484 | Trove    | Learned a level 9 spell: Fire Storm
 78532 | Trove    | Identified Sif Muna's Guide on Congealing Damage Dealing
 78801 | Depths:5 | Entered Level 5 of the Depths
 78809 | Depths:5 | Noticed a juggernaut
 79511 | Depths:5 | Killed a juggernaut
 79515 | Depths:5 | Found a gateway to a ziggurat.
 80011 | Depths:5 | Found a gate to the Realm of Zot.
 80081 | Depths:5 | Found Mepnajoi's Jewellery Boutique.
 80640 | Slime:1  | Entered Level 1 of the Pits of Slime
 80851 | Slime:5  | Entered Level 5 of the Pits of Slime
 80998 | Slime:5  | Gained mutation: You tend to lose your temper in combat. [a
                  | shining eye]
 81000 | Slime:5  | Gained mutation: Your spells are a little easier to cast,
                  | but a little less powerful. [a shining eye]
 81242 | Slime:5  | Found a viscous altar of Jiyva.
 81685 | Slime:5  | Noticed the Royal Jelly
 81690 | Slime:5  | Killed the Royal Jelly
 81771 | Slime:5  | Got a slimy rune of Zot
 81773 | Slime:5  | Identified the ring "Iskeesmu" {+Fly EV+4} (You found it on
                  | level 5 of the Pits of Slime)
 81916 | Lair:5   | Lost mutation: You tend to lose your temper in combat.
                  | [potion of mutation]
 81916 | Lair:5   | Lost mutation: You have a somewhat thin skeletal structure.
                  | (Dex +2, Stealth) [potion of mutation]
 81916 | Lair:5   | Lost mutation: Your spells are a little easier to cast, but
                  | a little less powerful. [potion of mutation]
 81916 | Lair:5   | Lost mutation: You are partially covered in thin metallic
                  | scales. (AC +2) [potion of mutation]
 81916 | Lair:5   | Gained mutation: Your skin changes colour to match your
                  | surroundings (Stealth+). [potion of mutation]
 81916 | Lair:5   | Gained mutation: You passively map a small area around you.
                  | [potion of mutation]
 82259 | Zig:1    | Entered Level 1 of a ziggurat
 82318 | Zig:2    | Entered Level 2 of a ziggurat
 82319 | Zig:2    | Reached skill level 1 in Transmutations
 82324 | Zig:2    | Identified Sif Muna's Guide on the Poisonous Blaze
 82335 | Zig:3    | Entered Level 3 of a ziggurat
 82335 | Zig:3    | Noticed Hiwar the pandemonium lord
 82344 | Zig:3    | Killed Hiwar the pandemonium lord
 82725 | Zig:3    | Identified the Disquisition on Orientation
 82732 | Zig:4    | Entered Level 4 of a ziggurat
 82736 | Zig:4    | Reached skill level 1 in Necromancy
 82869 | Zig:5    | Entered Level 5 of a ziggurat
 82872 | Zig:5    | Noticed Gahokhlydd the pandemonium lord
 82878 | Zig:5    | Killed Gahokhlydd the pandemonium lord
 82997 | Zig:5    | Identified the Tome of the Floating Entourage
 83007 | Zig:6    | Entered Level 6 of a ziggurat
 83010 | Zig:6    | Noticed a juggernaut
 83013 | Zig:6    | Killed a juggernaut
 83067 | Zig:7    | Entered Level 7 of a ziggurat
 83188 | Zig:8    | Entered Level 8 of a ziggurat
 83269 | Zig:9    | Entered Level 9 of a ziggurat
 83276 | Zig:9    | Noticed a juggernaut
 83277 | Zig:9    | Noticed a juggernaut
 83278 | Zig:9    | Noticed a juggernaut
 83279 | Zig:9    | Killed a juggernaut
 83280 | Zig:9    | Killed a juggernaut
 83281 | Zig:9    | Killed a juggernaut
 83389 | Zig:10   | Entered Level 10 of a ziggurat
 83519 | Zig:10   | Reached skill level 5 in Necromancy
 83537 | Zig:11   | Entered Level 11 of a ziggurat
 83548 | Zig:11   | Found the +3 warlock's mirror {reflect}
 83550 | Zig:11   | Noticed Ykohyfur the pandemonium lord
 83552 | Zig:11   | Killed Ykohyfur the pandemonium lord
 83904 | Zig:12   | Entered Level 12 of a ziggurat
 83952 | Zig:12   | Got a bound bronze ring
 83953 | Zig:12   | Identified the ring "Tirun" {EV+4 Int+2 Dex+3} (You found
                  | it on level 12 of a ziggurat)
 83971 | Zig:12   | Got a warped tin amulet
 83972 | Zig:12   | Identified the amulet of Vehumet's Grace {Inacc MR- Int+2
                  | Dex+2} (You found it on level 12 of a ziggurat)
 83983 | Zig:13   | Entered Level 13 of a ziggurat
 83996 | Zig:13   | Reached skill level 5 in Transmutations
 84005 | Zig:13   | Found the macabre finger necklace {rN+}
 84040 | Zig:13   | Got a vibrating lapis lazuli ring
 84041 | Zig:13   | Identified the cursed ring "Quogach" {MR+ Str+4 Dex-4
                  | Stlth+} (You found it on level 13 of a ziggurat)
 84044 | Zig:13   | Got a warped bone ring
 84045 | Zig:13   | Identified the ring "Bescheb" {rElec rF+ MR- Int+6} (You
                  | found it on level 13 of a ziggurat)
 84094 | Zig:14   | Entered Level 14 of a ziggurat
 84232 | Zig:14   | Identified the +7 great mace "Iwkanol" {holy, rElec rF+}
                  | (You found it on level 14 of a ziggurat)
 84239 | Zig:14   | Got a pitted crystal amulet
 84240 | Zig:14   | Identified the amulet of Ypnick {Reflect +Inv Str+4 Int-3
                  | SH+5 Stlth+} (You found it on level 14 of a ziggurat)
 84251 | Zig:15   | Entered Level 15 of a ziggurat
 84279 | Zig:15   | Found the +8 trident of the Octopus King {venom, rElec
                  | rPois MR+}
 84297 | Zig:15   | Identified the Collected Works on Dislocation
 84335 | Zig:16   | Entered Level 16 of a ziggurat
 84358 | Zig:16   | Reached skill level 10 in Necromancy
 84378 | Zig:16   | Identified the Incunabulum of Transmutation and
                  | Displacement
 84429 | Zig:17   | Entered Level 17 of a ziggurat
 84514 | Zig:17   | Identified Juruqox's Reference Book on Evil Secrets and
                  | Stones
 84521 | Zig:17   | Got a warped marble ring
 84522 | Zig:17   | Identified the ring of Music {+Blink rPois Int-3 SInv} (You
                  | found it on level 17 of a ziggurat)
 84528 | Zig:18   | Entered Level 18 of a ziggurat
 84542 | Zig:18   | Noticed an ancient lich
 84543 | Zig:18   | Noticed an ancient lich
 84545 | Zig:18   | Killed an ancient lich
 84545 | Zig:18   | Noticed an ancient lich
 84546 | Zig:18   | Killed an ancient lich
 84547 | Zig:18   | Killed an ancient lich
 84631 | Zig:18   | Found the +4 moon troll leather armour {Spirit, Regen++
                  | MP+5}
 84637 | Zig:18   | Identified the Reference Book on Floating Stolen Souls
 84642 | Zig:18   | Identified Seyhunoss's Guide on Transmigration and Stones
 84663 | Zig:18   | Identified Teesch's Incunabulum of the Aerial Frostbite
 84699 | Zig:19   | Entered Level 19 of a ziggurat
 84896 | Zig:19   | Acquired a manual of Spellcasting
 84911 | Zig:19   | Got a scintillating ivory amulet
 84912 | Zig:19   | Identified the amulet of Cyof {Faith rF++} (You found it on
                  | level 19 of a ziggurat)
 84925 | Zig:20   | Entered Level 20 of a ziggurat
 84939 | Zig:20   | Noticed Ecoffosh the pandemonium lord
 84940 | Zig:20   | Noticed Yvvoli the pandemonium lord
 84941 | Zig:20   | Noticed Deplofes the pandemonium lord
 84941 | Zig:20   | Noticed Habie the pandemonium lord
 84941 | Zig:20   | Noticed Xoriol the pandemonium lord
 84941 | Zig:20   | Noticed Zamueb the pandemonium lord
 84941 | Zig:20   | Noticed Agheum the pandemonium lord
 84941 | Zig:20   | Noticed Xutwie the pandemonium lord
 84941 | Zig:20   | Noticed a juggernaut
 84941 | Zig:20   | Noticed Pakoi the pandemonium lord
 84941 | Zig:20   | Noticed Gested the pandemonium lord
 84941 | Zig:20   | Noticed Dothehopt the pandemonium lord
 84941 | Zig:20   | Noticed Isau the pandemonium lord
 84941 | Zig:20   | Noticed Ocvas the pandemonium lord
 84941 | Zig:20   | Noticed Woetoic the pandemonium lord
 84942 | Zig:20   | Noticed Ylaruck the pandemonium lord
 84952 | Zig:20   | Killed Agheum the pandemonium lord
 84969 | Zig:20   | Killed Yvvoli the pandemonium lord
 84976 | Zig:20   | Killed Zamueb the pandemonium lord
 84978 | Zig:20   | Killed Xoriol the pandemonium lord
 84978 | Zig:20   | Killed Deplofes the pandemonium lord
 84978 | Zig:20   | Killed Habie the pandemonium lord
 84983 | Zig:20   | Killed Gested the pandemonium lord
 84983 | Zig:20   | Killed Isau the pandemonium lord
 84983 | Zig:20   | Killed Ylaruck the pandemonium lord
 84983 | Zig:20   | Killed Xutwie the pandemonium lord
 84991 | Zig:20   | Killed a juggernaut
 84991 | Zig:20   | Killed Woetoic the pandemonium lord
 84992 | Zig:20   | Killed Ocvas the pandemonium lord
 84992 | Zig:20   | Killed Pakoi the pandemonium lord
 84996 | Zig:20   | Killed Dothehopt the pandemonium lord
 84999 | Zig:20   | Killed Ecoffosh the pandemonium lord
 85014 | Zig:20   | Reached skill level 10 in Transmutations
 85258 | Zig:20   | Got a warped amber ring
 85259 | Zig:20   | Identified the ring "Weojic" {+Inv rN+ Int+2} (You found it
                  | on level 20 of a ziggurat)
 85282 | Zig:21   | Entered Level 21 of a ziggurat
 85373 | Zig:21   | Got a faintly glowing glass ring
 85374 | Zig:21   | Identified the ring of Satisfaction {Fire rN+ Int+2 Stlth+}
                  | (You found it on level 21 of a ziggurat)
 85395 | Zig:21   | Identified the +4 dire flail "Hugoz" {spect, rC++ MR+} (You
                  | found it on level 21 of a ziggurat)
 85412 | Zig:22   | Entered Level 22 of a ziggurat
 85462 | Zig:22   | Identified the Handbook of the Oath and Companions
 85467 | Zig:22   | Got a sparkling lead ring
 85468 | Zig:22   | Identified the ring "Fagaloekh" {*Drain rN+ EV+4 Int+2}
                  | (You found it on level 22 of a ziggurat)
 85470 | Zig:22   | Identified the Grimoire of Ensnaring Translocation
 85474 | Zig:22   | Reached skill level 15 in Necromancy
 85479 | Zig:22   | Got a pitted zirconium amulet
 85480 | Zig:22   | Identified the amulet of Intisch {Spirit rElec Str-5 Int+4}
                  | (You found it on level 22 of a ziggurat)
 85483 | Zig:22   | Got a scorched silver ring
 85484 | Zig:22   | Identified the ring "Atilah Azas" {*Tele MR++ Dex+2 SInv
                  | Stlth-} (You found it on level 22 of a ziggurat)
 85524 | Zig:23   | Entered Level 23 of a ziggurat
 85546 | Zig:23   | Noticed Olacs the pandemonium lord
 85546 | Zig:23   | Noticed Vutiet the pandemonium lord
 85546 | Zig:23   | Noticed Qikeic Biwa the pandemonium lord
 85547 | Zig:23   | Noticed Qabbyido the pandemonium lord
 85548 | Zig:23   | Noticed Jycejok the pandemonium lord
 85548 | Zig:23   | Noticed Keucadgh the pandemonium lord
 85549 | Zig:23   | Noticed Osiezeal the pandemonium lord
 85551 | Zig:23   | Killed Vutiet the pandemonium lord
 85551 | Zig:23   | Killed Jycejok the pandemonium lord
 85551 | Zig:23   | Noticed Hatuim the pandemonium lord
 85551 | Zig:23   | Noticed Nuemyqie the pandemonium lord
 85552 | Zig:23   | Noticed Puuwo the pandemonium lord
 85552 | Zig:23   | Killed Keucadgh the pandemonium lord
 85552 | Zig:23   | Killed Qabbyido the pandemonium lord
 85552 | Zig:23   | Noticed Viagih Zode the pandemonium lord
 85552 | Zig:23   | Noticed Nyuvi the pandemonium lord
 85552 | Zig:23   | Noticed Coebiwon the pandemonium lord
 85553 | Zig:23   | Killed Osiezeal the pandemonium lord
 85553 | Zig:23   | Noticed Lucs the pandemonium lord
 85554 | Zig:23   | Killed Hatuim the pandemonium lord
 85556 | Zig:23   | Killed Qikeic Biwa the pandemonium lord
 85556 | Zig:23   | Killed Puuwo the pandemonium lord
 85557 | Zig:23   | Killed Nyuvi the pandemonium lord
 85558 | Zig:23   | Killed Olacs the pandemonium lord
 85558 | Zig:23   | Killed Lucs the pandemonium lord
 85558 | Zig:23   | Killed Coebiwon the pandemonium lord
 85559 | Zig:23   | Killed Viagih Zode the pandemonium lord
 85562 | Zig:23   | Killed Nuemyqie the pandemonium lord
 85649 | Zig:23   | Found the +7 great mace "Undeadhunter" {disrupt, rN+}
 85695 | Zig:24   | Entered Level 24 of a ziggurat
 85735 | Zig:24   | Found the +18 shield of the Gong {rElec rN+ MR+ EV-5}
 85751 | Zig:24   | Found the +10 zealot's sword {holy, *Rage rN+ EV+3}
 85865 | Zig:24   | Identified the +1 leather armour "Derotsui" {SInv} (You
                  | found it on level 24 of a ziggurat)
 85885 | Zig:24   | Got a transparent graven amulet
 85886 | Zig:24   | Identified the amulet "Nutu" {Inacc rPois Dex-2 SInv
                  | Stlth+} (You found it on level 24 of a ziggurat)
 85891 | Zig:24   | Got a slimy brass ring
 85892 | Zig:24   | Identified the ring "Cian" {rPois MR+ Int+2 Stlth-} (You
                  | found it on level 24 of a ziggurat)
 85898 | Zig:25   | Entered Level 25 of a ziggurat
 85914 | Zig:25   | Paralysed by a floating eye for 2 turns
 85920 | Zig:25   | Paralysed by a floating eye for 2 turns
 85988 | Zig:25   | Identified Niecwadd's Guide on Lightness and Displacement
 85999 | Zig:25   | Learned a level 8 spell: Necromutation
 86009 | Zig:25   | Learned a level 9 spell: Death's Door
 86017 | Zig:25   | Identified the Disquisition on the Ashen Glacier
 86036 | Zig:25   | Identified the Catalogue of Blistering Attacks
 86041 | Zig:26   | Entered Level 26 of a ziggurat
 86077 | Zig:26   | Reached skill level 27 in Fighting
 86079 | Zig:26   | Noticed Uthey the pandemonium lord
 86082 | Zig:26   | Killed Uthey the pandemonium lord
 86239 | Zig:26   | Identified Qakank's Guide on Dark Arts
 86279 | Zig:27   | Entered Level 27 of a ziggurat
 86364 | Zig:27   | Found the +9 staff of Olgreb {rPois∞}
 86373 | Zig:27   | Got a twitching platinum amulet
 86374 | Zig:27   | Identified the amulet of the Albatross {Fragile Regen+
                  | Str+4} (You found it on level 27 of a ziggurat)
 86627 | Depths:2 | Voluntarily entered the Abyss.
 86644 | Abyss:1  | Found a corrupted altar of Lugonu.
 86730 | Abyss:2  | Reached skill level 1 in Shields
 87315 | Abyss:3  | Gained mutation: Armour fits poorly on your strangely
                  | shaped body. [a neqoxec]
 87342 | Abyss:3  | Reached skill level 5 in Shields
 87607 | Abyss:3  | Reached skill level 1 in Ice Magic
 87730 | Abyss:3  | Paralysed by an ettin for 5 turns
 87747 | Abyss:3  | Got an abyssal rune of Zot
 87755 | Depths:2 | Escaped the Abyss
 87933 | Zig:1    | Entered Level 1 of a ziggurat
 87957 | Zig:2    | Entered Level 2 of a ziggurat
 87958 | Zig:2    | Noticed Posusete the pandemonium lord
 87963 | Zig:2    | Killed Posusete the pandemonium lord
 87963 | Zig:2    | Reached skill level 5 in Ice Magic
 88150 | Zig:3    | Entered Level 3 of a ziggurat
 88154 | Zig:3    | Found the +2 cloak of the Thief {*Fog Slay-2 SInv Stlth+}
 88284 | Zig:4    | Entered Level 4 of a ziggurat
 88459 | Zig:5    | Entered Level 5 of a ziggurat
 88516 | Zig:5    | Got a wavering amber ring
 88520 | Zig:5    | Identified the ring of Ruist {rPois rC+ Stlth+} (You found
                  | it on level 5 of a ziggurat)
 88526 | Zig:5    | Got a steaming diamond amulet
 88527 | Zig:5    | Identified the amulet "Ynyod" {Acrobat *Slow rElec rF+}
                  | (You found it on level 5 of a ziggurat)
 88532 | Zig:6    | Entered Level 6 of a ziggurat
 88605 | Zig:6    | Lost mutation: You have sharp fingernails. [potion of
                  | mutation]
 88605 | Zig:6    | Lost mutation: You passively map a small area around you.
                  | [potion of mutation]
 88605 | Zig:6    | Lost mutation: Armour fits poorly on your strangely shaped
                  | body. [potion of mutation]
 88605 | Zig:6    | Gained mutation: You tend to lose your temper in combat.
                  | [potion of mutation]
 88605 | Zig:6    | Gained mutation: You are dopey. (Int -2) [potion of
                  | mutation]
 88605 | Zig:6    | Gained mutation: You are partially covered in molten
                  | scales. (AC +2) [potion of mutation]
 88605 | Zig:6    | Lost mutation: You tend to lose your temper in combat.
                  | [potion of mutation]
 88606 | Zig:6    | Lost mutation: You are partially covered in molten scales.
                  | (AC +2) [potion of mutation]
 88606 | Zig:6    | Lost mutation: You are dopey. (Int -2) [potion of mutation]
 88606 | Zig:6    | Gained mutation: You are partially covered in icy blue
                  | scales. (AC +2) [potion of mutation]
 88606 | Zig:6    | Gained mutation: You evolve. [potion of mutation]
 88606 | Zig:6    | Gained mutation: You are resistant to hostile enchantments.
                  | (MR+) [potion of mutation]
 88609 | Zig:7    | Entered Level 7 of a ziggurat
 88617 | Zig:7    | Reached skill level 10 in Ice Magic
 88630 | Zig:7    | Got a serpentine ivory amulet
 88631 | Zig:7    | Identified the amulet "Vobuthi" {Faith rElec rF- rC+ Int+2}
                  | (You found it on level 7 of a ziggurat)
 88640 | Zig:7    | Got a transparent granite ring
 88641 | Zig:7    | Identified the ring "Relit" {rElec rF+ MP+9 Str+5} (You
                  | found it on level 7 of a ziggurat)
 88666 | Zig:8    | Entered Level 8 of a ziggurat
 88809 | Zig:8    | Identified Medim's Handbook of the Rocks and Moulding
 88821 | Zig:9    | Entered Level 9 of a ziggurat
 88830 | Zig:9    | Noticed Odasuamn the pandemonium lord
 88834 | Zig:9    | Killed Odasuamn the pandemonium lord
 88873 | Zig:10   | Entered Level 10 of a ziggurat
 88893 | Zig:10   | Found the +12 glaive of Prune {vorpal}
 88992 | Zig:10   | Learned a level 9 spell: Absolute Zero
 88997 | Zig:11   | Entered Level 11 of a ziggurat
 89179 | Zig:11   | Identified Sif Muna's Almanac of Hurtful Moulding
 89187 | Zig:11   | Acquired a manual of Evocations
 89203 | Zig:12   | Entered Level 12 of a ziggurat
 89223 | Zig:12   | Found the +7 Singing Sword {vorpal, sonic wave}
 89231 | Zig:12   | Reached skill level 15 in Ice Magic
 89253 | Zig:13   | Entered Level 13 of a ziggurat
 89452 | Zig:13   | Identified the Reference Book on Evil Moulding
 89458 | Zig:14   | Entered Level 14 of a ziggurat
 89608 | Zig:14   | Identified the cursed +0 pair of gloves of Grot {Regen+
                  | Str+4} (You found it on level 14 of a ziggurat)
 89649 | Zig:15   | Entered Level 15 of a ziggurat
 89662 | Zig:15   | Noticed an orb of fire
 89663 | Zig:15   | Noticed an orb of fire
 89664 | Zig:15   | Noticed an orb of fire
 89664 | Zig:15   | Noticed an orb of fire
 89666 | Zig:15   | Noticed an orb of fire
 89669 | Zig:15   | Gained mutation: Armour fits poorly on your strangely
                  | shaped body. [an orb of fire]
 89670 | Zig:15   | Killed an orb of fire
 89671 | Zig:15   | Killed an orb of fire
 89673 | Zig:15   | Killed an orb of fire
 89674 | Zig:15   | Killed an orb of fire
 89674 | Zig:15   | Reached skill level 27 in Spellcasting
 89676 | Zig:15   | Gained mutation: Your spells are a little easier to cast,
                  | but a little less powerful. [an orb of fire]
 89677 | Zig:15   | Killed an orb of fire
 89679 | Zig:15   | Lost mutation: You evolve. [potion of mutation]
 89679 | Zig:15   | Lost mutation: Your skin changes colour to match your
                  | surroundings (Stealth+). [potion of mutation]
 89679 | Zig:15   | Gained mutation: You are weak. (Str -2) [potion of
                  | mutation]
 89679 | Zig:15   | Gained mutation: You are dopey. (Int -2) [potion of
                  | mutation]
 89679 | Zig:15   | Gained mutation: Your spells are easier to cast, but less
                  | powerful. [potion of mutation]
 89679 | Zig:15   | Gained mutation: You expend magic power (3 MP) to
                  | strengthen your wands. [potion of mutation]
 89680 | Zig:15   | Lost mutation: You expend magic power (3 MP) to strengthen
                  | your wands. [potion of mutation]
 89680 | Zig:15   | Lost mutation: You are dopey. (Int -2) [potion of mutation]
 89680 | Zig:15   | Lost mutation: Your spells are easier to cast, but less
                  | powerful. [potion of mutation]
 89680 | Zig:15   | Gained mutation: You are agile. (Dex +2) [potion of
                  | mutation]
 89681 | Zig:15   | Lost mutation: You are agile. (Dex +2) [potion of mutation]
 89681 | Zig:15   | Lost mutation: Armour fits poorly on your strangely shaped
                  | body. [potion of mutation]
 89681 | Zig:15   | Lost mutation: Your spells are a little easier to cast, but
                  | a little less powerful. [potion of mutation]
 89681 | Zig:15   | Gained mutation: Your mind is acute. (Int +2) [potion of
                  | mutation]
 89681 | Zig:15   | Gained mutation: You can translocate small distances at
                  | will. [potion of mutation]
 89681 | Zig:15   | Gained mutation: You are mostly covered in icy blue scales.
                  | (AC +3) [potion of mutation]
 89681 | Zig:15   | Gained mutation: You are partially covered in thin metallic
                  | scales. (AC +2) [potion of mutation]
 89898 | Zig:15   | Identified the Grimoire of the Dislocated Arsonist
 89916 | Zig:15   | Got a scorched marble ring
 89917 | Zig:15   | Identified the ring of Niskaqud {*Tele rC+ Int+3 Slay+2}
                  | (You found it on level 15 of a ziggurat)
 89932 | Zig:16   | Entered Level 16 of a ziggurat
 90113 | Zig:16   | Identified the Catalogue of Glacial Clay
 90116 | Zig:16   | Identified the Almanac of the Burning Compass
 90123 | Zig:16   | Identified the +3 buckler of Morality {Int+5} (You found it
                  | on level 16 of a ziggurat)
 90133 | Zig:17   | Entered Level 17 of a ziggurat
 90157 | Zig:17   | Noticed an ancient lich
 90159 | Zig:17   | Killed an ancient lich
 90282 | Zig:17   | Found the +1 cloak of Starlight {rElec rC+ EV+4 Stlth--}
 90323 | Zig:17   | Got a coiled wooden ring
 90324 | Zig:17   | Identified the ring of Famogy {rN+ Int+6 Dex+3 Slay-3} (You
                  | found it on level 17 of a ziggurat)
 90334 | Zig:18   | Entered Level 18 of a ziggurat
 90376 | Zig:18   | Identified the Incunabulum of Evolution
 90379 | Zig:18   | Got a translucent pewter ring
 90381 | Zig:18   | Identified the ring "Pias" {rF++ rC- Slay+6 SInv Stlth+}
                  | (You found it on level 18 of a ziggurat)
 90412 | Zig:18   | Identified Taimeugh's Volume of Cloudy Summoning
 90423 | Zig:19   | Entered Level 19 of a ziggurat
 90442 | Zig:19   | Noticed a juggernaut
 90446 | Zig:19   | Killed a juggernaut
 90481 | Zig:19   | Acquired 1191 gold pieces
 90487 | Zig:19   | Acquired the +3 Elemental Staff {rElec rF++ rC++ MR++ AC+5}
 90488 | Zig:19   | Found the +3 Elemental Staff {rElec rF++ rC++ MR++ AC+5}
 90507 | Zig:20   | Entered Level 20 of a ziggurat
 90529 | Zig:20   | Reached skill level 15 in Evocations
 90530 | Zig:20   | Noticed Riezet the pandemonium lord
 90535 | Zig:20   | Killed Riezet the pandemonium lord
 90592 | Zig:20   | Identified the Volume of Evil and Attacks
 90654 | Zig:21   | Entered Level 21 of a ziggurat
 90724 | Zig:21   | Got a slimy bronze ring
 90725 | Zig:21   | Identified the ring of Xom's Whimsicality {rCorr Int+2}
                  | (You found it on level 21 of a ziggurat)
 90739 | Zig:22   | Entered Level 22 of a ziggurat
 90756 | Zig:22   | Noticed a greater mummy
 90757 | Zig:22   | Noticed a greater mummy
 90757 | Zig:22   | Noticed a greater mummy
 90759 | Zig:22   | Killed a greater mummy
 90759 | Zig:22   | Noticed a greater mummy
 90759 | Zig:22   | Noticed a greater mummy
 90760 | Zig:22   | Killed a greater mummy
 90760 | Zig:22   | Killed a greater mummy
 90760 | Zig:22   | Noticed a greater mummy
 90761 | Zig:22   | Killed a greater mummy
 90761 | Zig:22   | Noticed a greater mummy
 90763 | Zig:22   | Noticed a greater mummy
 90764 | Zig:22   | Killed a greater mummy
 90764 | Zig:22   | Noticed a greater mummy
 90765 | Zig:22   | Killed a greater mummy
 90765 | Zig:22   | Killed a greater mummy
 90765 | Zig:22   | Killed a greater mummy
 90766 | Zig:22   | Noticed a greater mummy
 90768 | Zig:22   | Killed a greater mummy
 90768 | Zig:22   | Noticed a greater mummy
 90769 | Zig:22   | Killed a greater mummy
 90770 | Zig:22   | Noticed a greater mummy
 90770 | Zig:22   | Noticed a greater mummy
 90771 | Zig:22   | Killed a greater mummy
 90771 | Zig:22   | Noticed a greater mummy
 90771 | Zig:22   | Noticed a greater mummy
 90773 | Zig:22   | Killed a greater mummy
 90773 | Zig:22   | Killed a greater mummy
 90773 | Zig:22   | Killed a greater mummy
 90775 | Zig:22   | Killed a greater mummy
 90841 | Zig:22   | Got a glittering marble ring
 90842 | Zig:22   | Identified the ring "Pupni" {rF- rN+ MR+ Dex+4 SInv} (You
                  | found it on level 22 of a ziggurat)
 90848 | Zig:22   | Identified the Handbook of Clay and Hexes
 90854 | Zig:22   | Got a brightly glowing amber ring
 90855 | Zig:22   | Identified the ring of Nasioluc {MR+ EV+4 Int+5 Stlth+}
                  | (You found it on level 22 of a ziggurat)
 90877 | Zig:22   | Identified the Guide on Bewitching Weightlessness
 90885 | Zig:23   | Entered Level 23 of a ziggurat
 90894 | Zig:23   | Noticed Tiuseosto the pandemonium lord
 90898 | Zig:23   | Killed Tiuseosto the pandemonium lord
 90901 | Zig:23   | Noticed Yto Keid the pandemonium lord
 90902 | Zig:23   | Noticed Mimiblei the pandemonium lord
 90902 | Zig:23   | Noticed Faag Luisch the pandemonium lord
 90902 | Zig:23   | Noticed Cejyfah the pandemonium lord
 90902 | Zig:23   | Noticed Qutufishu the pandemonium lord
 90902 | Zig:23   | Noticed Ewkonkyuhu the pandemonium lord
 90902 | Zig:23   | Noticed Yniarupt the pandemonium lord
 90902 | Zig:23   | Noticed Fotyataz the pandemonium lord
 90902 | Zig:23   | Noticed Tonwurgh the pandemonium lord
 90902 | Zig:23   | Noticed Muluashova the pandemonium lord
 90902 | Zig:23   | Noticed Baletu the pandemonium lord
 90902 | Zig:23   | Noticed Taunaxkio the pandemonium lord
 90910 | Zig:23   | Noticed Ezariloe the pandemonium lord
 90917 | Zig:23   | Noticed Baugos the pandemonium lord
 90918 | Zig:23   | Killed Taunaxkio the pandemonium lord
 90918 | Zig:23   | Killed Fotyataz the pandemonium lord
 90919 | Zig:23   | Killed Ewkonkyuhu the pandemonium lord
 90919 | Zig:23   | Killed Qutufishu the pandemonium lord
 90919 | Zig:23   | Killed Yniarupt the pandemonium lord
 90919 | Zig:23   | Reached skill level 5 in Staves
 90920 | Zig:23   | Noticed Isuliper the pandemonium lord
 90920 | Zig:23   | Killed Baugos the pandemonium lord
 90921 | Zig:23   | Killed Muluashova the pandemonium lord
 90921 | Zig:23   | Killed Tonwurgh the pandemonium lord
 90922 | Zig:23   | Killed Faag Luisch the pandemonium lord
 90922 | Zig:23   | Killed Mimiblei the pandemonium lord
 90922 | Zig:23   | Noticed Jiunlul the pandemonium lord
 90924 | Zig:23   | Noticed Joxauthride the pandemonium lord
 90934 | Zig:23   | Killed Cejyfah the pandemonium lord
 90935 | Zig:23   | Killed Ezariloe the pandemonium lord
 90936 | Zig:23   | Killed Baletu the pandemonium lord
 90936 | Zig:23   | Killed Isuliper the pandemonium lord
 90936 | Zig:23   | Killed Yto Keid the pandemonium lord
 90948 | Zig:23   | Killed Joxauthride the pandemonium lord
 90951 | Zig:23   | Killed Jiunlul the pandemonium lord
 90972 | Zig:23   | Noticed Waghutot the pandemonium lord
 90974 | Zig:23   | Killed Waghutot the pandemonium lord
 91121 | Zig:23   | Identified the Catalogue of Battle Magic
 91128 | Zig:23   | Identified the +0 leather armour "Vanyti" {rF+ Regen+
                  | Stlth-} (You found it on level 23 of a ziggurat)
 91136 | Zig:23   | Got a vibrating lead ring
 91137 | Zig:23   | Identified the ring of Rokleff {rElec MR+ Str+4 Dex-5} (You
                  | found it on level 23 of a ziggurat)
 91154 | Zig:24   | Entered Level 24 of a ziggurat
 91179 | Zig:24   | Reached skill level 10 in Staves
 91222 | Zig:24   | Found the ring of Phasing {EV+8}
 91253 | Zig:24   | Identified Sif Muna's Volume of Freezing Attacks
 91266 | Zig:24   | Got a scorched granite ring
 91267 | Zig:24   | Identified the ring of Vuatas {rPois AC+4} (You found it on
                  | level 24 of a ziggurat)
 91276 | Zig:24   | Identified the +3 leather armour of a Thousand Stars {Harm
                  | rPois Int-5 SInv} (You found it on level 24 of a ziggurat)
 91289 | Zig:25   | Entered Level 25 of a ziggurat
 91425 | Zig:25   | Identified the Incunabulum of Dislocated Slavery
 91445 | Zig:26   | Entered Level 26 of a ziggurat
 91462 | Zig:26   | Noticed a greater mummy
 91463 | Zig:26   | Noticed a greater mummy
 91463 | Zig:26   | Noticed a greater mummy
 91464 | Zig:26   | Noticed a greater mummy
 91464 | Zig:26   | Noticed a greater mummy
 91467 | Zig:26   | Killed a greater mummy
 91467 | Zig:26   | Killed a greater mummy
 91468 | Zig:26   | Killed a greater mummy
 91468 | Zig:26   | Killed a greater mummy
 91468 | Zig:26   | Noticed a greater mummy
 91469 | Zig:26   | Killed a greater mummy
 91470 | Zig:26   | Noticed a greater mummy
 91470 | Zig:26   | Noticed a greater mummy
 91470 | Zig:26   | Noticed a greater mummy
 91473 | Zig:26   | Noticed a greater mummy
 91474 | Zig:26   | Killed a greater mummy
 91474 | Zig:26   | Killed a greater mummy
 91474 | Zig:26   | Killed a greater mummy
 91474 | Zig:26   | Noticed a greater mummy
 91474 | Zig:26   | Noticed a greater mummy
 91475 | Zig:26   | Killed a greater mummy
 91475 | Zig:26   | Noticed a greater mummy
 91475 | Zig:26   | Noticed a greater mummy
 91477 | Zig:26   | Killed a greater mummy
 91478 | Zig:26   | Killed a greater mummy
 91478 | Zig:26   | Killed a greater mummy
 91479 | Zig:26   | Killed a greater mummy
 91480 | Zig:26   | Killed a greater mummy
 91485 | Zig:26   | Noticed a greater mummy
 91485 | Zig:26   | Noticed a greater mummy
 91489 | Zig:26   | Killed a greater mummy
 91489 | Zig:26   | Killed a greater mummy
 91502 | Zig:26   | Found the amulet of Vitality {Regen+ HP+15}
 91591 | Zig:27   | Entered Level 27 of a ziggurat
 91603 | Zig:27   | Reached skill level 15 in Staves
 91644 | Zig:27   | Found the +8 lance "Wyrmbane" {slay drac, rPois rF+ rC+
                  | AC+3}
 91659 | Zig:27   | Identified the ring of Harmony {MR+ Str+3} (You found it on
                  | level 27 of a ziggurat)
 91868 | Zot:1    | Entered Level 1 of the Realm of Zot
 92153 | Zot:1    | Noticed an ancient lich
 92161 | Zot:1    | Killed an ancient lich
 92398 | Zot:1    | Identified Ojagraj's Collected Works on Spatial Lightness
 92878 | Zot:2    | Found Hurch's Changing Room.
 92890 | Zot:2    | Bought a potion of mutation for 128 gold pieces
 93018 | Zot:2    | Noticed an orb of fire
 93020 | Zot:2    | Killed an orb of fire
 93531 | Zot:2    | You are sucked into a shaft and drop 2 floors!
 95820 | Zot:5    | Entered Level 5 of the Realm of Zot
 95838 | Zot:5    | Identified the +1 leather armour of the Stallion {rPois
                  | rF+} (You found it on level 5 of the Realm of Zot)
 96328 | Zot:5    | Noticed an ancient lich
 96334 | Zot:5    | Noticed an orb of fire
 96337 | Zot:5    | Noticed an orb of fire
 96342 | Zot:5    | Noticed an ancient lich
 96343 | Zot:5    | Killed an ancient lich
 96344 | Zot:5    | Killed an orb of fire
 96344 | Zot:5    | Reached skill level 27 in Conjurations
 96345 | Zot:5    | Killed an orb of fire
 96346 | Zot:5    | Killed an ancient lich
 96347 | Zot:5    | Noticed an orb of fire
 96352 | Zot:5    | Noticed an ancient lich
 96354 | Zot:5    | Killed an orb of fire
 96354 | Zot:5    | Noticed an ancient lich
 96357 | Zot:5    | Killed an ancient lich
 96357 | Zot:5    | Killed an ancient lich
 96358 | Zot:5    | Noticed an ancient lich
 96361 | Zot:5    | Killed an ancient lich
 96882 | Zot:5    | Upgraded the game from 0.26-a0-708-g17f3b190f9 to
                  | 0.26-a0-710-g95a0c6c400
 97092 | Pan      | Entered Pandemonium
 97188 | Pan      | Noticed Mirriss the pandemonium lord
 97190 | Pan      | Reached skill level 27 in Evocations
 97194 | Pan      | Killed Mirriss the pandemonium lord
 97251 | Pan      | Got a twitching wooden ring
 97340 | Pan      | Identified the ring "Facvamod" {*Tele Int+3} (You found it
                  | in Pandemonium)
 97810 | Pan      | Noticed Arphaef the pandemonium lord
 97813 | Pan      | Killed Arphaef the pandemonium lord
 98046 | Pan      | Found an exit through the horrors of the Abyss.
 98620 | Pan      | Entered the realm of Mnoleg.
 98646 | Pan      | Reached skill level 10 in Stealth
 98646 | Pan      | Noticed Mnoleg
 98647 | Pan      | Killed Mnoleg
 98653 | Pan      | Gained mutation: Your body sometimes deteriorates upon
                  | taking damage. [a cacodemon]
 98655 | Pan      | Gained mutation: You occasionally shout uncontrollably at
                  | your foes. [a neqoxec]
 98664 | Pan      | Got a glowing rune of Zot
 98682 | Pan      | Gained mutation: You are very weak. (Str -4) [a cacodemon]
 98746 | Pan      | Gained mutation: Scrolls take you a little longer to read.
                  | [a cacodemon]
 98821 | Pan      | Noticed Ujoucutz the pandemonium lord
 98827 | Pan      | Killed Ujoucutz the pandemonium lord
 98852 | Pan      | Got a demonic rune of Zot
 99207 | Pan      | Noticed Xehewel the pandemonium lord
 99210 | Pan      | Killed Xehewel the pandemonium lord
 99342 | Pan      | Entered the realm of Lom Lobon.
 99345 | Pan      | Lost mutation: You can translocate small distances at will.
                  | [potion of mutation]
 99345 | Pan      | Lost mutation: You occasionally shout uncontrollably at
                  | your foes. [potion of mutation]
 99345 | Pan      | Lost mutation: You are mostly covered in icy blue scales.
                  | (AC +3) [potion of mutation]
 99345 | Pan      | Gained mutation: Your flesh is heat resistant. (rF+)
                  | [potion of mutation]
 99346 | Pan      | Lost mutation: Your body sometimes deteriorates upon taking
                  | damage. [potion of mutation]
 99346 | Pan      | Lost mutation: Your mind is acute. (Int +2) [potion of
                  | mutation]
 99346 | Pan      | Lost mutation: Your flesh is heat resistant. (rF+) [potion
                  | of mutation]
 99346 | Pan      | Lost mutation: Scrolls take you a little longer to read.
                  | [potion of mutation]
 99346 | Pan      | Gained mutation: You are partially covered in rugged brown
                  | scales. (AC +1, +3% HP) [potion of mutation]
 99346 | Pan      | Lost mutation: You are very weak. (Str -4) [potion of
                  | mutation]
 99513 | Pan      | Noticed Lom Lobon
 99514 | Pan      | Killed Lom Lobon
 99520 | Pan      | Got a magical rune of Zot
 99770 | Pan      | Found an exit through the horrors of the Abyss.
 99837 | Pan      | Found an exit through the horrors of the Abyss.
 99862 | Pan      | Noticed Vophysirr the pandemonium lord
 99868 | Pan      | Killed Vophysirr the pandemonium lord
 99872 | Pan      | Reached skill level 15 in Stealth
 99894 | Pan      | Identified the +11 quarterstaff "Xyattup" {freeze, rPois
                  | Dex+4}
 99906 | Pan      | Entered the realm of Cerebov.
100030 | Pan      | Identified the +6 sword of Cerebov {flame}
100030 | Pan      | Noticed Cerebov
100033 | Pan      | Killed Cerebov
100206 | Pan      | Got a translucent silver ring
100209 | Pan      | Identified the ring "Omav" {rPois rC- MP+9 Int+3 SInv} (You
                  | found it in Pandemonium)
100296 | Pan      | Identified the ring of Jemot {rC+ rCorr Str+4 Int+6}
100310 | Pan      | Identified the Incunabulum of Warped Intoxication
100313 | Pan      | Identified the cursed +0 leather armour of Hadjma {Dex+4}
                  | (You found it in Pandemonium)
100318 | Pan      | Got a clouded iron amulet
100319 | Pan      | Identified the amulet "Zeuc" {Faith rElec Dex+5} (You found
                  | it in Pandemonium)
100362 | Pan      | Got a fiery rune of Zot
100403 | Pan      | Found an exit through the horrors of the Abyss.
100411 | Pan      | Entered the realm of Gloorx Vloq.
100459 | Pan      | Noticed Gloorx Vloq
100460 | Pan      | Killed Gloorx Vloq
100469 | Pan      | Got a dark rune of Zot
100561 | Pan      | Found an exit through the horrors of the Abyss.
100585 | Depths:3 | Escaped Pandemonium
100942 | Tomb:1   | Entered Level 1 of the Tomb of the Ancients
101002 | Tomb:1   | Noticed Boris
101006 | Tomb:1   | Killed Boris
101113 | Tomb:1   | Identified the cursed +1 leather armour of the Silversmith
                  | {-Cast rPois Str+4 Int+4} (You found it on level 1 of the
                  | Tomb of the Ancients)
101147 | Tomb:1   | Noticed a greater mummy
101147 | Tomb:1   | Noticed a greater mummy
101148 | Tomb:1   | Killed a greater mummy
101149 | Tomb:1   | Killed a greater mummy
101158 | Tomb:1   | Noticed a greater mummy
101160 | Tomb:1   | Noticed a greater mummy
101160 | Tomb:1   | Noticed a greater mummy
101162 | Tomb:1   | Killed a greater mummy
101163 | Tomb:1   | Killed a greater mummy
101164 | Tomb:1   | Killed a greater mummy
101165 | Tomb:1   | Noticed a greater mummy
101176 | Tomb:1   | Killed a greater mummy
101210 | Tomb:1   | Noticed a greater mummy
101222 | Tomb:1   | Killed a greater mummy
101430 | Tomb:1   | Noticed a greater mummy
101433 | Tomb:1   | Killed a greater mummy
102016 | Tomb:1   | Noticed a greater mummy
102019 | Tomb:1   | Killed a greater mummy
102027 | Tomb:1   | Noticed a greater mummy
102030 | Tomb:1   | Killed a greater mummy
102125 | Tomb:1   | Noticed a greater mummy
102129 | Tomb:1   | Killed a greater mummy
102225 | Tomb:1   | Noticed a greater mummy
102228 | Tomb:1   | Killed a greater mummy
102229 | Tomb:1   | Noticed a greater mummy
102232 | Tomb:1   | Killed a greater mummy
102237 | Tomb:1   | Noticed a greater mummy
102243 | Tomb:1   | Killed a greater mummy
102394 | Tomb:1   | Noticed a greater mummy
102404 | Tomb:1   | Killed a greater mummy
102411 | Tomb:1   | Noticed a greater mummy
102413 | Tomb:1   | Killed a greater mummy
102490 | Tomb:1   | Noticed a greater mummy
102495 | Tomb:1   | Killed a greater mummy
102527 | Tomb:1   | Noticed a greater mummy
102531 | Tomb:1   | Killed a greater mummy
102919 | Tomb:2   | Noticed a greater mummy
102919 | Tomb:2   | Noticed an ancient lich
102920 | Tomb:2   | Noticed a greater mummy
102920 | Tomb:2   | Noticed an ancient lich
102922 | Tomb:2   | Killed an ancient lich
102924 | Tomb:2   | Killed a greater mummy
102924 | Tomb:2   | Killed an ancient lich
102924 | Tomb:2   | Killed a greater mummy
102932 | Tomb:2   | Noticed Boris
102938 | Tomb:2   | Killed Boris
103595 | Tomb:2   | Gained mutation: You are frail. (-10% HP) [mutagenic glow]
103599 | Tomb:2   | Lost mutation: You are weak. (Str -2) [potion of mutation]
103599 | Tomb:2   | Lost mutation: You are frail. (-10% HP) [potion of
                  | mutation]
103599 | Tomb:2   | Gained mutation: You have a pair of small horns on your
                  | head. [potion of mutation]
103599 | Tomb:2   | Gained mutation: You are covered in fur. (AC +1) [potion of
                  | mutation]
103599 | Tomb:2   | Gained mutation: Your spells are a little harder to cast,
                  | but a little more powerful. [potion of mutation]
103689 | Tomb:3   | Entered Level 3 of the Tomb of the Ancients
103709 | Tomb:3   | Noticed a greater mummy
103710 | Tomb:3   | Noticed a greater mummy
103711 | Tomb:3   | Noticed a greater mummy
103712 | Tomb:3   | Noticed a greater mummy
103713 | Tomb:3   | Noticed a greater mummy
103714 | Tomb:3   | Noticed a greater mummy
103715 | Tomb:3   | Noticed a greater mummy
103716 | Tomb:3   | Noticed a greater mummy
103717 | Tomb:3   | Killed a greater mummy
103717 | Tomb:3   | Killed a greater mummy
103717 | Tomb:3   | Killed a greater mummy
103717 | Tomb:3   | Killed a greater mummy
103717 | Tomb:3   | Reached skill level 27 in Staves
103721 | Tomb:3   | HP: 7/204 [greater mummy/divine providence (13)]
103736 | Tomb:3   | Killed a greater mummy
103739 | Tomb:3   | Killed a greater mummy
103741 | Tomb:3   | Noticed a greater mummy
103744 | Tomb:3   | Killed a greater mummy
103744 | Tomb:3   | Killed a greater mummy
103750 | Tomb:3   | Killed a greater mummy
103756 | Tomb:3   | Found the +0 mask of the Dragon {MR+ Slay+3 SInv}
103756 | Tomb:3   | Found the +2 hood of the Assassin {Detection Stab+ Stlth++}
103871 | Tomb:3   | Identified Cuneoff's Tome of Fetching Feathers
103883 | Tomb:3   | Got a scintillating crystal amulet
103885 | Tomb:3   | Identified the amulet "Eguto" {RegenMP MR+} (You found it
                  | on level 3 of the Tomb of the Ancients)
103918 | Tomb:3   | Identified Exaen's Compendium of Gliding Bewitchment
104028 | Tomb:3   | Got a brightly glowing turquoise ring
104029 | Tomb:3   | Identified the ring of Qeism {*Slow Str+3 Stlth+} (You
                  | found it on level 3 of the Tomb of the Ancients)
104273 | Tomb:3   | Got a golden rune of Zot
104747 | Zig:1    | Entered Level 1 of a ziggurat
104874 | Zig:2    | Entered Level 2 of a ziggurat
104897 | Zig:2    | Identified the +7 morningstar "Genny" {vorpal, Str+4 Int-4
                  | Stlth+} (You found it on level 2 of a ziggurat)
104900 | Zig:3    | Entered Level 3 of a ziggurat
105016 | Zig:4    | Entered Level 4 of a ziggurat
105016 | Zig:4    | Noticed an ancient lich
105018 | Zig:4    | Killed an ancient lich
105020 | Zig:4    | Noticed an ancient lich
105022 | Zig:4    | Killed an ancient lich
105071 | Zig:5    | Entered Level 5 of a ziggurat
105093 | Zig:5    | Reached skill level 10 in Armour
105098 | Zig:6    | Entered Level 6 of a ziggurat
105240 | Zig:7    | Entered Level 7 of a ziggurat
105245 | Zig:7    | Found the ring of Robustness {AC+8}
105377 | Zig:7    | Identified the +3 buckler of Patterns {rPois rF+ MR+} (You
                  | found it on level 7 of a ziggurat)
105380 | Zig:8    | Entered Level 8 of a ziggurat
105387 | Zig:8    | Noticed Mogril the pandemonium lord
105390 | Zig:8    | Killed Mogril the pandemonium lord
105495 | Zig:8    | Got an ancient copper ring
105496 | Zig:8    | Identified the ring "Desaih" {rElec rPois rF++ MR+} (You
                  | found it on level 8 of a ziggurat)
105512 | Zig:9    | Entered Level 9 of a ziggurat
105546 | Zig:9    | Identified the Volume of Shifting Earth
105561 | Zig:9    | Got a smoking amber ring
105562 | Zig:9    | Identified the ring "Qeoshruusm" {Int+7 Dex-5 Slay-6
                  | Stlth+} (You found it on level 9 of a ziggurat)
105564 | Zig:9    | Acquired 327 gold pieces
105572 | Zig:10   | Entered Level 10 of a ziggurat
105605 | Zig:10   | Got a warped graven amulet
105606 | Zig:10   | Identified the amulet "Kitzamil" {RegenMP rC+ rN+ Int-3}
                  | (You found it on level 10 of a ziggurat)
105638 | Zig:11   | Entered Level 11 of a ziggurat
105725 | Zig:11   | Acquired 989 gold pieces
105751 | Zig:12   | Entered Level 12 of a ziggurat
105761 | Zig:12   | Noticed an ancient lich
105761 | Zig:12   | Noticed an ancient lich
105765 | Zig:12   | Reached skill level 27 in Stealth
105765 | Zig:12   | Killed an ancient lich
105766 | Zig:12   | Killed an ancient lich
105795 | Zig:12   | Got a fine platinum amulet
105796 | Zig:12   | Identified the amulet "Giuh" {Reflect Int-5 Dex+5 SH+5}
                  | (You found it on level 12 of a ziggurat)
105806 | Zig:12   | Got a glittering ivory ring
105807 | Zig:12   | Identified the ring of Weudwox {Wiz rF+ MR++} (You found it
                  | on level 12 of a ziggurat)
105814 | Zig:13   | Entered Level 13 of a ziggurat
105828 | Zig:13   | Found the +2 robe of Vines {NoPotionHeal Regen+7}
105830 | Zig:13   | Reached skill level 27 in Fire Magic
105832 | Zig:13   | Reached skill level 15 in Armour
105877 | Zig:13   | Got a clouded lead ring
105878 | Zig:13   | Identified the ring of Isiasm {+Blink rPois Dex+4} (You
                  | found it on level 13 of a ziggurat)
105901 | Zig:14   | Entered Level 14 of a ziggurat
105944 | Zig:14   | Reached skill level 10 in Shields
106008 | Zig:14   | Got a fine ivory ring
106009 | Zig:14   | Identified the ring "Yraisk" {rPois rF+ Int+4 Dex-5 SInv}
                  | (You found it on level 14 of a ziggurat)
106029 | Zig:14   | Identified the +1 leather armour of Circular Logic {rPois
                  | rF- rC+ Int+3} (You found it on level 14 of a ziggurat)
106084 | Zig:15   | Entered Level 15 of a ziggurat
106095 | Zig:15   | Noticed a greater mummy
106097 | Zig:15   | Noticed a greater mummy
106097 | Zig:15   | Noticed a greater mummy
106099 | Zig:15   | Noticed a greater mummy
106099 | Zig:15   | Noticed a greater mummy
106099 | Zig:15   | Noticed a greater mummy
106100 | Zig:15   | Noticed a greater mummy
106101 | Zig:15   | Killed a greater mummy
106101 | Zig:15   | Killed a greater mummy
106101 | Zig:15   | Killed a greater mummy
106102 | Zig:15   | Killed a greater mummy
106102 | Zig:15   | Killed a greater mummy
106102 | Zig:15   | Killed a greater mummy
106102 | Zig:15   | Killed a greater mummy
106103 | Zig:15   | Noticed a greater mummy
106105 | Zig:15   | Noticed a greater mummy
106106 | Zig:15   | Noticed a greater mummy
106107 | Zig:15   | Killed a greater mummy
106109 | Zig:15   | Killed a greater mummy
106109 | Zig:15   | Killed a greater mummy
106116 | Zig:15   | Found the ring of the Octopus King
106122 | Zig:15   | Got a shimmering ruby amulet
106123 | Zig:15   | Identified the amulet "Zanuihir" {RegenMP rN++ MP-9 Int+4}
                  | (You found it on level 15 of a ziggurat)
106136 | Zig:15   | Got a ring of the Octopus King
106137 | Zig:15   | Identified a ring of the Octopus King {Wiz AC+1 EV+1 Str+1
                  | Int+1 Dex+1} (You found it on level 15 of a ziggurat)
106145 | Zig:15   | Got a shimmering marble ring
106146 | Zig:15   | Identified the ring of Vesohav {Fire rElec rPois Dex-4}
                  | (You found it on level 15 of a ziggurat)
106180 | Zig:16   | Entered Level 16 of a ziggurat
106201 | Zig:16   | Reached skill level 15 in Shields
106263 | Zig:16   | Identified the cursed +1 leather armour of Servitude {Str+6
                  | Dex-3} (You found it on level 16 of a ziggurat)
106296 | Zig:16   | Identified the +1 pair of gloves of the Dwarven Hall
                  | {rCorr} (You found it on level 16 of a ziggurat)
106316 | Zig:17   | Entered Level 17 of a ziggurat
106330 | Zig:17   | Gained mutation: Armour fits poorly on your strangely
                  | shaped body. [a neqoxec]
106330 | Zig:17   | Paralysed by accursed screaming for 1 turns
106516 | Zig:17   | Acquired 824 gold pieces
106532 | Zig:17   | Identified Further Progress in Witchery
106551 | Zig:18   | Entered Level 18 of a ziggurat
106564 | Zig:18   | Noticed an ancient lich
106567 | Zig:18   | Noticed an ancient lich
106568 | Zig:18   | Noticed an ancient lich
106568 | Zig:18   | Killed an ancient lich
106569 | Zig:18   | Killed an ancient lich
106570 | Zig:18   | Killed an ancient lich
106570 | Zig:18   | Noticed an ancient lich
106570 | Zig:18   | Noticed an ancient lich
106572 | Zig:18   | Killed an ancient lich
106572 | Zig:18   | Killed an ancient lich
106572 | Zig:18   | Noticed an ancient lich
106574 | Zig:18   | Killed an ancient lich
106576 | Zig:18   | Noticed an ancient lich
106576 | Zig:18   | Noticed an ancient lich
106579 | Zig:18   | Killed an ancient lich
106580 | Zig:18   | Killed an ancient lich
106608 | Zig:18   | Got a brightly glowing silver ring
106609 | Zig:18   | Identified the ring of Soihol {Fire rElec rPois Str+7
                  | Int-3} (You found it on level 18 of a ziggurat)
106632 | Zig:18   | Acquired 517 gold pieces
106650 | Zig:18   | Identified the +2 pair of gloves of Parlour Games {rN++
                  | rCorr Int+2 Dex-4} (You found it on level 18 of a ziggurat)
106766 | Zig:19   | Entered Level 19 of a ziggurat
106908 | Zig:19   | Got a faintly glowing golden ring
106909 | Zig:19   | Identified the ring "Juokedgh" {Wiz rElec MR+ Int+3} (You
                  | found it on level 19 of a ziggurat)
107058 | Zig:19   | Identified Valuuxa's Handbook of Shifting Creation
107062 | Zig:19   | Identified the Collected Works on Toxins
107069 | Zig:19   | Identified the Catalogue of Fire and Calling
107082 | Zig:20   | Entered Level 20 of a ziggurat
107174 | Zig:20   | Found the +12 Vampire's Tooth {vamp}
107189 | Zig:20   | Got a wavering pewter ring
107190 | Zig:20   | Identified the ring of Naciusos {*Contam rElec MR+ Str+7}
                  | (You found it on level 20 of a ziggurat)
107211 | Zig:20   | Identified the +1 cloak of Diezeall {rN+ MR+} (You found it
                  | on level 20 of a ziggurat)
107230 | Zig:21   | Entered Level 21 of a ziggurat
107241 | Zig:21   | Noticed an ancient lich
107243 | Zig:21   | Noticed an ancient lich
107245 | Zig:21   | Noticed an ancient lich
107247 | Zig:21   | Noticed an ancient lich
107247 | Zig:21   | Noticed an ancient lich
107248 | Zig:21   | Killed an ancient lich
107248 | Zig:21   | Killed an ancient lich
107248 | Zig:21   | Killed an ancient lich
107249 | Zig:21   | Killed an ancient lich
107249 | Zig:21   | Killed an ancient lich
107250 | Zig:21   | Noticed an ancient lich
107251 | Zig:21   | Killed an ancient lich
107251 | Zig:21   | Noticed an ancient lich
107252 | Zig:21   | Noticed an ancient lich
107252 | Zig:21   | Noticed an ancient lich
107253 | Zig:21   | Noticed an ancient lich
107254 | Zig:21   | Killed an ancient lich
107254 | Zig:21   | Killed an ancient lich
107254 | Zig:21   | Killed an ancient lich
107255 | Zig:21   | Killed an ancient lich
107255 | Zig:21   | Noticed an ancient lich
107257 | Zig:21   | Killed an ancient lich
107274 | Zig:21   | Found the amulet of the Four Winds {rN+ MR+++ Clar}
107295 | Zig:21   | Acquired 578 gold pieces
107320 | Zig:22   | Entered Level 22 of a ziggurat
107339 | Zig:22   | Found the +3 robe of Clouds {+Thunder rCloud rElec}
107450 | Zig:22   | Got a fine brass ring
107451 | Zig:22   | Identified the ring "Duan" {Int+7 Dex+6} (You found it on
                  | level 22 of a ziggurat)
107470 | Zig:22   | Identified the Incunabulum of Aerial Orientation
107475 | Zig:23   | Entered Level 23 of a ziggurat
107486 | Zig:23   | Noticed a greater mummy
107486 | Zig:23   | Noticed a greater mummy
107490 | Zig:23   | Noticed a greater mummy
107492 | Zig:23   | Noticed a greater mummy
107493 | Zig:23   | Killed a greater mummy
107493 | Zig:23   | Noticed a greater mummy
107495 | Zig:23   | Noticed a greater mummy
107497 | Zig:23   | Killed a greater mummy
107497 | Zig:23   | Killed a greater mummy
107498 | Zig:23   | Killed a greater mummy
107498 | Zig:23   | Noticed a greater mummy
107499 | Zig:23   | Killed a greater mummy
107501 | Zig:23   | Noticed a greater mummy
107501 | Zig:23   | Noticed a greater mummy
107502 | Zig:23   | Killed a greater mummy
107504 | Zig:23   | Noticed a greater mummy
107505 | Zig:23   | Noticed a greater mummy
107506 | Zig:23   | Killed a greater mummy
107506 | Zig:23   | Killed a greater mummy
107506 | Zig:23   | Killed a greater mummy
107506 | Zig:23   | Noticed a greater mummy
107508 | Zig:23   | Noticed a greater mummy
107509 | Zig:23   | Killed a greater mummy
107509 | Zig:23   | Killed a greater mummy
107509 | Zig:23   | Noticed a greater mummy
107509 | Zig:23   | Noticed a greater mummy
107510 | Zig:23   | Killed a greater mummy
107511 | Zig:23   | Killed a greater mummy
107512 | Zig:23   | Killed a greater mummy
107512 | Zig:23   | Killed a greater mummy
107512 | Zig:23   | Noticed a greater mummy
107514 | Zig:23   | Noticed a greater mummy
107517 | Zig:23   | Killed a greater mummy
107517 | Zig:23   | Killed a greater mummy
107614 | Zig:24   | Entered Level 24 of a ziggurat
107713 | Zig:24   | Found the +3 pair of gauntlets of War {Slay+5}
107714 | Zig:24   | Found the +9 staff of Wucad Mu {channel}
107728 | Zig:24   | Got a scorched brass amulet
107729 | Zig:24   | Identified the amulet of Gepsueps {Reflect Dex+4 SH+5} (You
                  | found it on level 24 of a ziggurat)
107746 | Zig:24   | Identified the +2 leather armour of Demonic Liberty {rCorr
                  | Int+4} (You found it on level 24 of a ziggurat)
107770 | Zig:25   | Entered Level 25 of a ziggurat
107857 | Zig:26   | Entered Level 26 of a ziggurat
107886 | Zig:26   | Noticed an ancient lich
107888 | Zig:26   | Killed an ancient lich
107888 | Zig:26   | Reached skill level 27 in Armour
108180 | Zig:26   | Identified the Tome of Dislocated Evil
108209 | Zig:26   | Identified the Guide on the Voyage and Intoxication
108213 | Zig:26   | Got an ancient pewter ring
108214 | Zig:26   | Identified the ring of Mebo {Ice MR++} (You found it on
                  | level 26 of a ziggurat)
108217 | Zig:26   | Identified the +0 leather armour of Uskayaw's Benevolence
                  | {rF+++} (You found it on level 26 of a ziggurat)
108263 | Zig:27   | Entered Level 27 of a ziggurat
108281 | Zig:27   | Noticed a juggernaut
108282 | Zig:27   | Noticed a juggernaut
108283 | Zig:27   | Noticed a juggernaut
108285 | Zig:27   | Noticed a juggernaut
108287 | Zig:27   | Killed a juggernaut
108287 | Zig:27   | Noticed a juggernaut
108288 | Zig:27   | Killed a juggernaut
108288 | Zig:27   | Killed a juggernaut
108288 | Zig:27   | Killed a juggernaut
108288 | Zig:27   | Noticed a juggernaut
108289 | Zig:27   | Noticed a juggernaut
108289 | Zig:27   | Noticed a juggernaut
108290 | Zig:27   | Noticed a juggernaut
108290 | Zig:27   | Noticed a juggernaut
108291 | Zig:27   | Killed a juggernaut
108291 | Zig:27   | Killed a juggernaut
108291 | Zig:27   | Noticed a juggernaut
108292 | Zig:27   | Killed a juggernaut
108292 | Zig:27   | Reached skill level 27 in Shields
108292 | Zig:27   | Killed a juggernaut
108292 | Zig:27   | Noticed a juggernaut
108293 | Zig:27   | Killed a juggernaut
108293 | Zig:27   | Killed a juggernaut
108294 | Zig:27   | Noticed a juggernaut
108294 | Zig:27   | Killed a juggernaut
108294 | Zig:27   | Killed a juggernaut
108297 | Zig:27   | Killed a juggernaut
108300 | Zig:27   | Noticed a juggernaut
108303 | Zig:27   | Killed a juggernaut
108369 | Zig:27   | Identified the +2 pair of boots "High" {Str+5} (You found
                  | it on level 27 of a ziggurat)
108386 | Zig:27   | Identified Spellcraft, Part One
108405 | Zig:27   | Got a brightly glowing copper ring
108406 | Zig:27   | Identified the ring of Ereim {rPois Int+4 Dex+6} (You found
                  | it on level 27 of a ziggurat)
108445 | Zig:1    | Entered Level 1 of a ziggurat
108464 | Zig:2    | Entered Level 2 of a ziggurat
108480 | Zig:3    | Entered Level 3 of a ziggurat
108503 | Zig:4    | Entered Level 4 of a ziggurat
108505 | Zig:4    | Noticed an ancient lich
108507 | Zig:4    | Killed an ancient lich
108509 | Zig:4    | Reached skill level 27 in Dodging
108528 | Zig:5    | Entered Level 5 of a ziggurat
108531 | Zig:5    | Noticed an ancient lich
108535 | Zig:5    | Killed an ancient lich
108673 | Zig:6    | Entered Level 6 of a ziggurat
108731 | Zig:7    | Entered Level 7 of a ziggurat
108773 | Zig:7    | Identified the Handbook of Weightlessness and Hexes
108828 | Zig:8    | Entered Level 8 of a ziggurat
108846 | Zig:8    | Found the +9 heavy crossbow "Sniper" {vorpal, Acc+∞ SInv}
108872 | Zig:9    | Entered Level 9 of a ziggurat
108918 | Zig:9    | Identified the Almanac of the Captivating Blaze
108976 | Zig:10   | Entered Level 10 of a ziggurat
109022 | Zig:10   | Got a translucent lead ring
109023 | Zig:10   | Identified the ring of Division {Ice MR+ Str+5 Int+4
                  | Stlth+} (You found it on level 10 of a ziggurat)
109039 | Zig:10   | Acquired 413 gold pieces
109040 | Zig:10   | Acquired 1156 gold pieces
109047 | Zig:10   | Identified Ishei's Incunabulum of Dark Secrets
109057 | Zig:11   | Entered Level 11 of a ziggurat
109064 | Zig:11   | Noticed Omesoben the pandemonium lord
109064 | Zig:11   | Noticed Zaarij the pandemonium lord
109065 | Zig:11   | Noticed Loommemmae the pandemonium lord
109065 | Zig:11   | Noticed Icygilu the pandemonium lord
109065 | Zig:11   | Noticed Duzomm the pandemonium lord
109065 | Zig:11   | Noticed Timuffog the pandemonium lord
109066 | Zig:11   | Noticed Nunarr the pandemonium lord
109066 | Zig:11   | Noticed Qeric the pandemonium lord
109066 | Zig:11   | Noticed Piom Eluxzo the pandemonium lord
109067 | Zig:11   | Killed Loommemmae the pandemonium lord
109068 | Zig:11   | Killed Piom Eluxzo the pandemonium lord
109068 | Zig:11   | Killed Qeric the pandemonium lord
109068 | Zig:11   | Killed Omesoben the pandemonium lord
109068 | Zig:11   | Noticed Soozad the pandemonium lord
109069 | Zig:11   | Killed Zaarij the pandemonium lord
109070 | Zig:11   | Killed Timuffog the pandemonium lord
109070 | Zig:11   | Noticed Ukhlymosi the pandemonium lord
109071 | Zig:11   | Killed Icygilu the pandemonium lord
109073 | Zig:11   | Cast into level 5 of the Abyss (Nunarr)
109073 | Abyss:5  | Entered Level 5 of the Abyss
109263 | Zig:11   | Escaped the Abyss
109264 | Zig:11   | Killed Nunarr the pandemonium lord
109265 | Zig:11   | Killed Soozad the pandemonium lord
109266 | Zig:11   | Killed Ukhlymosi the pandemonium lord
109268 | Zig:11   | Killed Duzomm the pandemonium lord
109425 | Zig:12   | Entered Level 12 of a ziggurat
109431 | Zig:12   | Noticed Cate Gaf the pandemonium lord
109431 | Zig:12   | Noticed Fenur the pandemonium lord
109432 | Zig:12   | Noticed Udobb the pandemonium lord
109432 | Zig:12   | Noticed Joetewnoa the pandemonium lord
109432 | Zig:12   | Noticed Uropoabb the pandemonium lord
109432 | Zig:12   | Noticed Gousheth the pandemonium lord
109432 | Zig:12   | Noticed Tyasika the pandemonium lord
109434 | Zig:12   | Killed Cate Gaf the pandemonium lord
109434 | Zig:12   | Killed Gousheth the pandemonium lord
109435 | Zig:12   | Killed Fenur the pandemonium lord
109436 | Zig:12   | Killed Tyasika the pandemonium lord
109437 | Zig:12   | Killed Uropoabb the pandemonium lord
109438 | Zig:12   | Killed Udobb the pandemonium lord
109443 | Zig:12   | Killed Joetewnoa the pandemonium lord
109575 | Zig:13   | Entered Level 13 of a ziggurat
109621 | Zig:13   | Got a scorched amethyst amulet
109624 | Zig:13   | Identified the amulet of Qazlal's Scorn {RegenMP rF+ rC++
                  | Str-3 Dex+4} (You found it on level 13 of a ziggurat)
109650 | Zig:14   | Entered Level 14 of a ziggurat
109666 | Zig:14   | Learned a level 9 spell: Tornado
109675 | Zig:14   | Found the +3 hat of Pondering {ponderous, MR+ MP+10 Int+5}
109677 | Zig:14   | Reached skill level 27 in Necromancy
109677 | Zig:14   | Reached skill level 1 in Air Magic
109679 | Zig:14   | Found the +4 skin of Zhor {Englaciate rC+++ SInv}
109709 | Zig:14   | Identified the Handbook of the Wasteland
109719 | Zig:14   | Identified the Papyrus of Lightness and the Escort
109843 | Zig:15   | Entered Level 15 of a ziggurat
109853 | Zig:15   | Reached skill level 5 in Air Magic
109856 | Zig:15   | Noticed Doizitoh the pandemonium lord
109861 | Zig:15   | Killed Doizitoh the pandemonium lord
109861 | Zig:15   | Reached skill level 10 in Air Magic
110008 | Zig:16   | Entered Level 16 of a ziggurat
110052 | Zig:16   | Found the +3 robe of Folly {Archmagi, MR-- Int+5}
110085 | Zig:16   | Identified the Tome of the Scribe
110104 | Zig:17   | Entered Level 17 of a ziggurat
110110 | Zig:17   | Paralysed by accursed screaming for 2 turns
110123 | Zig:17   | Reached skill level 15 in Air Magic
110277 | Zig:17   | Identified the Handbook of the Supportive Snowflakes
110307 | Zig:17   | Acquired a manual of Air Magic
110310 | Zig:17   | Identified the ring of Builabidopn {MP+9 Str+6 Dex+4} (You
                  | found it on level 17 of a ziggurat)
110315 | Zig:17   | Acquired 853 gold pieces
110316 | Zig:17   | Acquired 290 gold pieces
110317 | Zig:17   | Acquired 662 gold pieces
110323 | Zig:18   | Entered Level 18 of a ziggurat
110355 | Zig:18   | Found the amulet of the Air {Inacc +Fly rElec EV+5 RMsl}
110460 | Zig:18   | Acquired 1149 gold pieces
110478 | Zig:19   | Entered Level 19 of a ziggurat
110500 | Zig:19   | Found the +4 Cigotuvi's embrace {rRot *Drain rN+}
110561 | Zig:19   | Identified the Handbook of Execration and Confrontation
110623 | Zig:20   | Entered Level 20 of a ziggurat
110679 | Zig:20   | Found the +6 arbalest "Damnation" {damnation}
110681 | Zig:20   | Found the +8 glaive of the Guard {elec, +Rage AC+5 SInv}
110684 | Zig:20   | Identified Sif Muna's Guide on Intoxication and the
                  | Traveller
110694 | Zig:20   | Identified Unwooq's Reference Book on Translocation and
                  | Fire
110710 | Zig:21   | Entered Level 21 of a ziggurat
110772 | Zig:21   | Found the +10 Black Knight's barding {ponderous, rPois rN+}
110837 | Zig:21   | Identified Sif Muna's Disquisition on Dusty Poison
110854 | Zig:22   | Entered Level 22 of a ziggurat
110859 | Zig:22   | Noticed a greater mummy
110859 | Zig:22   | Noticed a greater mummy
110859 | Zig:22   | Noticed a greater mummy
110860 | Zig:22   | Noticed a greater mummy
110860 | Zig:22   | Noticed a greater mummy
110860 | Zig:22   | Noticed a greater mummy
110860 | Zig:22   | Noticed a greater mummy
110862 | Zig:22   | Noticed a greater mummy
110863 | Zig:22   | Noticed a greater mummy
110863 | Zig:22   | Noticed a greater mummy
110864 | Zig:22   | Noticed a greater mummy
110865 | Zig:22   | Killed a greater mummy
110865 | Zig:22   | Killed a greater mummy
110865 | Zig:22   | Killed a greater mummy
110865 | Zig:22   | Killed a greater mummy
110865 | Zig:22   | Noticed a greater mummy
110866 | Zig:22   | Killed a greater mummy
110866 | Zig:22   | Killed a greater mummy
110866 | Zig:22   | Killed a greater mummy
110866 | Zig:22   | Killed a greater mummy
110866 | Zig:22   | Killed a greater mummy
110866 | Zig:22   | Killed a greater mummy
110867 | Zig:22   | Noticed a greater mummy
110868 | Zig:22   | Noticed a greater mummy
110868 | Zig:22   | Noticed a greater mummy
110869 | Zig:22   | Killed a greater mummy
110869 | Zig:22   | Noticed a greater mummy
110869 | Zig:22   | Noticed a greater mummy
110870 | Zig:22   | Killed a greater mummy
110870 | Zig:22   | Killed a greater mummy
110871 | Zig:22   | Killed a greater mummy
110871 | Zig:22   | Killed a greater mummy
110872 | Zig:22   | Killed a greater mummy
110872 | Zig:22   | Killed a greater mummy
110872 | Zig:22   | Noticed a greater mummy
110873 | Zig:22   | Noticed a greater mummy
110873 | Zig:22   | Noticed a greater mummy
110874 | Zig:22   | Noticed a greater mummy
110875 | Zig:22   | Killed a greater mummy
110875 | Zig:22   | Killed a greater mummy
110875 | Zig:22   | Noticed a greater mummy
110875 | Zig:22   | Noticed a greater mummy
110876 | Zig:22   | Killed a greater mummy
110876 | Zig:22   | Killed a greater mummy
110877 | Zig:22   | Noticed a greater mummy
110877 | Zig:22   | Noticed a greater mummy
110879 | Zig:22   | Noticed a greater mummy
110880 | Zig:22   | Killed a greater mummy
110880 | Zig:22   | Noticed a greater mummy
110881 | Zig:22   | Killed a greater mummy
110881 | Zig:22   | Killed a greater mummy
110881 | Zig:22   | Killed a greater mummy
110883 | Zig:22   | Killed a greater mummy
110883 | Zig:22   | Killed a greater mummy
111033 | Zig:22   | Identified the Tome of the Bouncing Ultimatums
111037 | Zig:23   | Entered Level 23 of a ziggurat
111047 | Zig:23   | Reached skill level 27 in Air Magic
111074 | Zig:23   | Identified the ring "Dookhla" {Fire rElec Int-3 Dex+4} (You
                  | found it on level 23 of a ziggurat)
111096 | Zig:23   | Identified the ring of Panentheism {rN+ Int+2 Dex+3} (You
                  | found it on level 23 of a ziggurat)
111099 | Zig:23   | Identified the cursed +1 leather armour of Follow the
                  | Leader {Str-4 Int+5} (You found it on level 23 of a
                  | ziggurat)
111117 | Zig:23   | Identified the ring "Ytoilytei" {*Contam rC+ Dex+4} (You
                  | found it on level 23 of a ziggurat)
111134 | Zig:24   | Entered Level 24 of a ziggurat
111226 | Zig:24   | Found the +6 shillelagh "Devastator" {shatter}
111253 | Zig:24   | Identified the Volume of the Blistering Escort
111263 | Zig:24   | Identified the +2 tower shield of the Solstice {+Inv Str+4}
                  | (You found it on level 24 of a ziggurat)
111269 | Zig:24   | Identified the Guide on Execration and Arcane Weapons
111280 | Zig:24   | Identified the Papyrus of Gliding Damage Dealing
111287 | Zig:25   | Entered Level 25 of a ziggurat
111299 | Zig:25   | Reached skill level 27 in Ice Magic
111299 | Zig:25   | Reached skill level 1 in Hexes
111299 | Zig:25   | Reached skill level 5 in Hexes
111301 | Zig:25   | Reached skill level 10 in Hexes
111314 | Zig:25   | Found the +3 sling "Punk" {acid, rCorr}
111323 | Zig:25   | Identified the Incunabulum of Congealing Fire
111333 | Zig:25   | Identified the ring of Egomania {rF++ rC++ AC+4 Dex-3} (You
                  | found it on level 25 of a ziggurat)
111345 | Zig:25   | Identified the +2 pair of gloves of Broken Taboos {rF++ rC-
                  | Dex+8 Stlth+} (You found it on level 25 of a ziggurat)
111362 | Zig:25   | Identified the Reference Book on Darkness and Fire
111368 | Zig:26   | Entered Level 26 of a ziggurat
111457 | Zig:26   | Found the ring of the Mage {Wiz MR++ Int+3}
111458 | Zig:26   | Found the +3 salamander hide armour {Flames rF++ rC--}
111459 | Zig:26   | Found the -2 hat of the Alchemist {rElec rPois rF+ rC+ rN+
                  | MR+ rMut rCorr}
111459 | Zig:26   | Found the +8 storm bow {elec, penet}
111469 | Zig:26   | Identified the amulet of Hyreuk {Faith Int-3 Slay+3 SInv}
                  | (You found it on level 26 of a ziggurat)
111471 | Zig:26   | Identified the ring of Fedhas's Hope {Ice *Slow +Inv MR+}
                  | (You found it on level 26 of a ziggurat)
111475 | Zig:26   | Identified the amulet "Juamidep" {Faith Str-5 Int+3 Dex+4
                  | Stlth+} (You found it on level 26 of a ziggurat)
111523 | Zig:27   | Entered Level 27 of a ziggurat
111527 | Zig:27   | Noticed a greater mummy
111527 | Zig:27   | Noticed a greater mummy
111529 | Zig:27   | Noticed a greater mummy
111530 | Zig:27   | Noticed a greater mummy
111531 | Zig:27   | Noticed a greater mummy
111531 | Zig:27   | Noticed a greater mummy
111531 | Zig:27   | Noticed a greater mummy
111531 | Zig:27   | Noticed a greater mummy
111532 | Zig:27   | Noticed a greater mummy
111532 | Zig:27   | Noticed a greater mummy
111533 | Zig:27   | Killed a greater mummy
111533 | Zig:27   | Killed a greater mummy
111533 | Zig:27   | Killed a greater mummy
111533 | Zig:27   | Killed a greater mummy
111533 | Zig:27   | Killed a greater mummy
111533 | Zig:27   | Killed a greater mummy
111533 | Zig:27   | Noticed a greater mummy
111534 | Zig:27   | Killed a greater mummy
111534 | Zig:27   | Killed a greater mummy
111534 | Zig:27   | Killed a greater mummy
111534 | Zig:27   | Noticed a greater mummy
111534 | Zig:27   | Noticed a greater mummy
111536 | Zig:27   | Noticed a greater mummy
111537 | Zig:27   | Killed a greater mummy
111537 | Zig:27   | Killed a greater mummy
111538 | Zig:27   | Killed a greater mummy
111538 | Zig:27   | Noticed a greater mummy
111539 | Zig:27   | Killed a greater mummy
111539 | Zig:27   | Noticed a greater mummy
111539 | Zig:27   | Noticed a greater mummy
111540 | Zig:27   | Noticed a greater mummy
111540 | Zig:27   | Noticed a greater mummy
111540 | Zig:27   | Noticed a greater mummy
111541 | Zig:27   | Killed a greater mummy
111541 | Zig:27   | Killed a greater mummy
111541 | Zig:27   | Killed a greater mummy
111542 | Zig:27   | Killed a greater mummy
111542 | Zig:27   | Killed a greater mummy
111542 | Zig:27   | Killed a greater mummy
111542 | Zig:27   | Noticed a greater mummy
111545 | Zig:27   | Noticed a greater mummy
111545 | Zig:27   | Noticed a greater mummy
111551 | Zig:27   | Noticed a greater mummy
111551 | Zig:27   | Noticed a greater mummy
111551 | Zig:27   | Noticed a greater mummy
111551 | Zig:27   | Noticed a greater mummy
111552 | Zig:27   | Noticed a greater mummy
111552 | Zig:27   | Noticed a greater mummy
111552 | Zig:27   | Noticed a greater mummy
111552 | Zig:27   | Noticed a greater mummy
111553 | Zig:27   | Noticed a greater mummy
111553 | Zig:27   | Noticed a greater mummy
111553 | Zig:27   | Noticed a greater mummy
111553 | Zig:27   | HP: 2/204 [ushabti/dispel undead (22)]
111558 | Zig:27   | HP: 9/204 [emperor scorpion[a greater mummy] (5)]
111560 | Zig:27   | HP: 3/204 [greater mummy/divine providence (11)]
111572 | Zig:27   | Killed a greater mummy
111572 | Zig:27   | Killed a greater mummy
111574 | Zig:27   | Killed a greater mummy
111574 | Zig:27   | Killed a greater mummy
111574 | Zig:27   | Killed a greater mummy
111574 | Zig:27   | Killed a greater mummy
111574 | Zig:27   | Killed a greater mummy
111574 | Zig:27   | Killed a greater mummy
111574 | Zig:27   | Killed a greater mummy
111574 | Zig:27   | Killed a greater mummy
111574 | Zig:27   | Killed a greater mummy
111574 | Zig:27   | Killed a greater mummy
111574 | Zig:27   | Killed a greater mummy
111575 | Zig:27   | Killed a greater mummy
111575 | Zig:27   | Killed a greater mummy
111679 | Zig:27   | Identified Miyh's Handbook of the Birds
111701 | Zig:27   | Reached skill level 27 in Maces & Flails
111777 | Hell     | Entered the Vestibule of Hell
111777 | Hell     | Noticed Geryon
111786 | Hell     | Killed Geryon
112092 | Hell     | Found a gateway to the ashen valley of Gehenna.
112209 | Hell     | Found a gateway to the freezing wastes of Cocytus.
112329 | Hell     | Found a gateway to the decaying netherworld of Tartarus.
112467 | Hell     | Found a gateway to the Iron City of Dis.
112483 | Dis:1    | Entered Level 1 of the Iron City of Dis
112766 | Dis:7    | Entered Level 7 of the Iron City of Dis
113221 | Dis:7    | Identified the +4 staff of Dispater
113221 | Dis:7    | Noticed Dispater
113222 | Dis:7    | Reached skill level 15 in Transmutations
113224 | Dis:7    | Killed Dispater
113242 | Dis:7    | Got an iron rune of Zot
113560 | Tar:1    | Entered Level 1 of Tartarus
113762 | Tar:7    | Entered Level 7 of Tartarus
113950 | Tar:7    | Noticed the Serpent of Hell
113955 | Tar:7    | Killed the Serpent of Hell
113958 | Tar:7    | Noticed Ereshkigal
114398 | Tar:7    | Killed Ereshkigal
114432 | Tar:7    | Got a bone rune of Zot
114440 | Tar:7    | Got a warped golden amulet
114441 | Tar:7    | Identified the amulet "Qocsom" {Inacc rPois rN+ Int+5} (You
                  | found it on level 7 of Tartarus)
114715 | Coc:1    | Entered Level 1 of Cocytus
114848 | Coc:7    | Entered Level 7 of Cocytus
115025 | Coc:7    | Noticed Antaeus
115030 | Coc:7    | Killed Antaeus
115034 | Coc:7    | Got an icy rune of Zot
115374 | Geh:1    | Entered Level 1 of Gehenna
115561 | Geh:7    | Entered Level 7 of Gehenna
116019 | Geh:7    | Identified the +7 sceptre of Asmodeus
116019 | Geh:7    | Noticed Asmodeus
116022 | Geh:7    | Killed Asmodeus
116038 | Geh:7    | Got an obsidian rune of Zot
116599 | Zig:1    | Entered Level 1 of a ziggurat
116612 | Zig:2    | Entered Level 2 of a ziggurat
116628 | Zig:3    | Entered Level 3 of a ziggurat
116628 | Zig:3    | Found the +3 crown of Dyrovepreva {rElec Int+2 SInv}
116668 | Zig:4    | Entered Level 4 of a ziggurat
116695 | Zig:5    | Entered Level 5 of a ziggurat
116717 | Zig:6    | Entered Level 6 of a ziggurat
116719 | Zig:6    | Noticed Xammet the pandemonium lord
116724 | Zig:6    | Killed Xammet the pandemonium lord
116831 | Zig:7    | Entered Level 7 of a ziggurat
116867 | Zig:8    | Entered Level 8 of a ziggurat
117006 | Zig:8    | Identified the Compendium of Fire
117019 | Zig:9    | Entered Level 9 of a ziggurat
117026 | Zig:9    | Noticed Wuwkaymi the pandemonium lord
117030 | Zig:9    | Killed Wuwkaymi the pandemonium lord
117096 | Zig:9    | Identified the Tome of Conjuration and Orientation
117123 | Zig:10   | Entered Level 10 of a ziggurat
117129 | Zig:10   | Noticed MrRokkomies's ghost (legendary DrIE)
117129 | Zig:10   | Noticed Peloso's ghost (legendary MiFi)
117129 | Zig:10   | Noticed Peloso's ghost (legendary MiFi)
117130 | Zig:10   | Noticed thethe's ghost (legendary DgCj)
117130 | Zig:10   | Noticed stormclouds's ghost (legendary DDFi)
117132 | Zig:10   | Found the +7 lajatang of Order {silver, rMut}
117132 | Zig:10   | Noticed fritzmikael's ghost (legendary DDEE)
117134 | Zig:10   | Noticed fritzmikael's ghost (legendary BaCj)
117134 | Zig:10   | Noticed Birvald's ghost (legendary GrEE)
117137 | Zig:10   | Noticed ICC's ghost (legendary VSFi)
117138 | Zig:10   | Killed thethe's ghost
117139 | Zig:10   | Killed Birvald's ghost
117141 | Zig:10   | Killed stormclouds's ghost
117145 | Zig:10   | Killed MrRokkomies's ghost
117145 | Zig:10   | Killed fritzmikael's ghost
117145 | Zig:10   | Killed Peloso's ghost
117145 | Zig:10   | Killed Peloso's ghost
117146 | Zig:10   | Killed ICC's ghost
117148 | Zig:10   | Killed fritzmikael's ghost
117397 | Zig:10   | Found the cursed +13 scythe of Curses {drain, *Curse}
117427 | Zig:10   | Identified Uddekh's Tome of Envenoming and Darkness
117440 | Zig:10   | Reached skill level 27 in Transmutations
117445 | Zig:11   | Entered Level 11 of a ziggurat
117455 | Zig:11   | Reached skill level 10 in Polearms
117506 | Zig:12   | Entered Level 12 of a ziggurat
117517 | Zig:12   | Found the +9 scales of the Dragon King {rPois rF+ rC+ MR+}
117519 | Zig:12   | Reached skill level 15 in Polearms
117521 | Zig:12   | Reached skill level 1 in Throwing
117524 | Zig:12   | Found the +27 Lear's hauberk
117551 | Zig:12   | Got a steaming brass amulet
117552 | Zig:12   | Identified the amulet of the Camelopard {MR++ Regen+ Str+3
                  | Stlth-} (You found it on level 12 of a ziggurat)
117563 | Zig:12   | Got a heavily runed iron ring
117570 | Zig:12   | Identified Sif Muna's Guide on Unstable Envenoming
117580 | Zig:13   | Entered Level 13 of a ziggurat
117591 | Zig:13   | Noticed an ancient lich
117592 | Zig:13   | Noticed an ancient lich
117593 | Zig:13   | Noticed an ancient lich
117594 | Zig:13   | Noticed an ancient lich
117600 | Zig:13   | Reached skill level 5 in Throwing
117600 | Zig:13   | Reached skill level 10 in Throwing
117600 | Zig:13   | Killed an ancient lich
117601 | Zig:13   | Killed an ancient lich
117601 | Zig:13   | Killed an ancient lich
117602 | Zig:13   | Killed an ancient lich
117754 | Zig:14   | Entered Level 14 of a ziggurat
117772 | Zig:14   | Paralysed by a floating eye for 2 turns
117773 | Zig:14   | Gained mutation: You occasionally shout uncontrollably at
                  | your foes. [a shining eye]
117776 | Zig:14   | Reached skill level 15 in Throwing
117800 | Zig:14   | Identified the ring of Ytwya {rN+ MR+ Str+2 Dex+4} (You
                  | found it on level 12 of a ziggurat)
117802 | Zig:14   | Identified the +2 cloak of Gung {rF+ Int+2} (You found it
                  | on level 14 of a ziggurat)
117807 | Zig:14   | Got a sparkling glass ring
117808 | Zig:14   | Identified the ring "Duyl" {AC+4 Str+4} (You found it on
                  | level 14 of a ziggurat)
117819 | Zig:14   | Acquired 492 gold pieces
117844 | Zig:15   | Entered Level 15 of a ziggurat
117913 | Zig:15   | Identified the Papyrus of Displaced Stones
117922 | Zig:16   | Entered Level 16 of a ziggurat
118110 | Zig:16   | Found the ring of the Octopus King
118113 | Zig:16   | Got a heavily runed silver ring
118114 | Zig:16   | Identified the ring of Vanileff {rF- Str+4 Int+5 Dex+3
                  | SInv} (You found it on level 16 of a ziggurat)
118120 | Zig:16   | Got a wavering bone ring
118121 | Zig:16   | Identified the ring of Nihilism {MR- MP+9 Int+6} (You found
                  | it on level 16 of a ziggurat)
118158 | Zig:16   | Identified the Handbook of Ensnaring Poisoning
118171 | Zig:16   | Identified the +1 leather armour of Gluttony {Int+5} (You
                  | found it on level 16 of a ziggurat)
118190 | Zig:16   | Identified the ring of Pennat {Int+6 Dex+3} (You found it
                  | on level 16 of a ziggurat)
118193 | Zig:17   | Entered Level 17 of a ziggurat
118269 | Zig:17   | Identified the Handbook of Shape Shifting
118290 | Zig:18   | Entered Level 18 of a ziggurat
118347 | Zig:18   | Identified the +2 pair of gloves of the Worm {rElec rPois
                  | rF+ Dex-5} (You found it on level 18 of a ziggurat)
118350 | Zig:18   | Identified Fuciycs's Papyrus of Vitriolic Changing
118367 | Zig:18   | Identified Kolecve's Disquisition on Icy Sinister Rites
118475 | Zig:19   | Entered Level 19 of a ziggurat
118525 | Zig:19   | Identified the cursed +0 pair of boots of the Shore {Int+2
                  | Dex+4} (You found it on level 19 of a ziggurat)
118534 | Zig:19   | Reached skill level 27 in Throwing
118549 | Zig:20   | Entered Level 20 of a ziggurat
118561 | Zig:20   | Noticed Ydghe Haill the pandemonium lord
118564 | Zig:20   | Noticed Sopepuer the pandemonium lord
118564 | Zig:20   | Noticed Tiddau the pandemonium lord
118564 | Zig:20   | Noticed Esmesapt the pandemonium lord
118564 | Zig:20   | Noticed Noygg the pandemonium lord
118564 | Zig:20   | Noticed Ivuck the pandemonium lord
118564 | Zig:20   | Noticed Govergh the pandemonium lord
118564 | Zig:20   | Noticed Xajaisac the pandemonium lord
118564 | Zig:20   | Noticed a juggernaut
118564 | Zig:20   | Noticed Roptet the pandemonium lord
118564 | Zig:20   | Noticed Xubamy the pandemonium lord
118564 | Zig:20   | Noticed Enge the pandemonium lord
118564 | Zig:20   | Noticed Emurouzi the pandemonium lord
118564 | Zig:20   | Noticed Iphet the pandemonium lord
118564 | Zig:20   | Noticed Nicezuh the pandemonium lord
118564 | Zig:20   | Noticed Huticlusk the pandemonium lord
118564 | Zig:20   | Noticed Naedoxut the pandemonium lord
118564 | Zig:20   | Noticed Rung the pandemonium lord
118564 | Zig:20   | Noticed Wuop the pandemonium lord
118564 | Zig:20   | Noticed Udiloann the pandemonium lord
118564 | Zig:20   | Noticed Qeugae the pandemonium lord
118565 | Zig:20   | Noticed Gusopooh the pandemonium lord
118565 | Zig:20   | Noticed Fom Soym the pandemonium lord
118565 | Zig:20   | Reached skill level 5 in Unarmed Combat
118565 | Zig:20   | Killed a juggernaut
118565 | Zig:20   | Reached skill level 10 in Unarmed Combat
118565 | Zig:20   | Killed Emurouzi the pandemonium lord
118565 | Zig:20   | Killed Govergh the pandemonium lord
118565 | Zig:20   | Killed Udiloann the pandemonium lord
118565 | Zig:20   | Killed Noygg the pandemonium lord
118565 | Zig:20   | Noticed Ifasiud the pandemonium lord
118566 | Zig:20   | Killed Huticlusk the pandemonium lord
118566 | Zig:20   | Killed Fom Soym the pandemonium lord
118566 | Zig:20   | Noticed Geb Xyas the pandemonium lord
118566 | Zig:20   | Noticed Kaugheho the pandemonium lord
118566 | Zig:20   | Noticed Kurewn the pandemonium lord
118567 | Zig:20   | Killed Ydghe Haill the pandemonium lord
118567 | Zig:20   | Killed Iphet the pandemonium lord
118567 | Zig:20   | Killed Roptet the pandemonium lord
118567 | Zig:20   | Killed Ivuck the pandemonium lord
118567 | Zig:20   | Killed Xajaisac the pandemonium lord
118567 | Zig:20   | Killed Gusopooh the pandemonium lord
118567 | Zig:20   | Reached skill level 15 in Unarmed Combat
118567 | Zig:20   | Killed Esmesapt the pandemonium lord
118567 | Zig:20   | Killed Naedoxut the pandemonium lord
118567 | Zig:20   | Killed Xubamy the pandemonium lord
118567 | Zig:20   | Noticed Ivuism the pandemonium lord
118568 | Zig:20   | Killed Tiddau the pandemonium lord
118569 | Zig:20   | Killed Enge the pandemonium lord
118569 | Zig:20   | Noticed Igejyo the pandemonium lord
118570 | Zig:20   | Killed Nicezuh the pandemonium lord
118570 | Zig:20   | Noticed Sulaupun the pandemonium lord
118571 | Zig:20   | Killed Rung the pandemonium lord
118571 | Zig:20   | Killed Kaugheho the pandemonium lord
118571 | Zig:20   | Noticed Fatevver the pandemonium lord
118572 | Zig:20   | Killed Qeugae the pandemonium lord
118573 | Zig:20   | Killed Sopepuer the pandemonium lord
118573 | Zig:20   | Killed Ifasiud the pandemonium lord
118573 | Zig:20   | Noticed Ugom the pandemonium lord
118574 | Zig:20   | Noticed Buexten the pandemonium lord
118575 | Zig:20   | Killed Ivuism the pandemonium lord
118575 | Zig:20   | Killed Geb Xyas the pandemonium lord
118575 | Zig:20   | Killed Wuop the pandemonium lord
118576 | Zig:20   | Noticed Wycesh the pandemonium lord
118576 | Zig:20   | Killed Fatevver the pandemonium lord
118576 | Zig:20   | Killed Sulaupun the pandemonium lord
118576 | Zig:20   | Killed Igejyo the pandemonium lord
118576 | Zig:20   | Killed Buexten the pandemonium lord
118577 | Zig:20   | Killed Wycesh the pandemonium lord
118578 | Zig:20   | Killed Ugom the pandemonium lord
118579 | Zig:20   | Killed Kurewn the pandemonium lord
118657 | Zig:20   | Identified the Reference Book on Earthen Flight
118698 | Zig:20   | Got a faintly glowing tin amulet
118702 | Zig:20   | Identified the amulet "Geps" {Inacc *Contam Str+9 SInv}
                  | (You found it on level 20 of a ziggurat)
118710 | Zig:21   | Entered Level 21 of a ziggurat
118717 | Zig:21   | Noticed a juggernaut
118720 | Zig:21   | Noticed a juggernaut
118723 | Zig:21   | Noticed a juggernaut
118725 | Zig:21   | Killed a juggernaut
118725 | Zig:21   | Noticed a juggernaut
118727 | Zig:21   | Killed a juggernaut
118727 | Zig:21   | Killed a juggernaut
118727 | Zig:21   | Killed a juggernaut
118727 | Zig:21   | Noticed a juggernaut
118730 | Zig:21   | Noticed a juggernaut
118732 | Zig:21   | Killed a juggernaut
118732 | Zig:21   | Killed a juggernaut
118733 | Zig:21   | Noticed a juggernaut
118734 | Zig:21   | Noticed a juggernaut
118740 | Zig:21   | Killed a juggernaut
118757 | Zig:21   | Killed a juggernaut
118821 | Zig:21   | Identified the Catalogue of Freezing Dark Arts
118831 | Zig:21   | Identified Nisheco's Guide on Conjuration
118848 | Zig:22   | Entered Level 22 of a ziggurat
118928 | Zig:22   | Learned a level 8 spell: Lehudib's Crystal Spear
118935 | Zig:22   | Got a heavily runed ivory ring
118936 | Zig:22   | Identified the ring of Yendor {rF+ AC+4 Int+5 Dex+2} (You
                  | found it on level 22 of a ziggurat)
118938 | Zig:22   | Identified Soxkibb's Compendium of Sinister Feathers
118978 | Zig:22   | Got a glittering pewter ring
118980 | Zig:22   | Identified the ring "Ponalail" {Str+6 Int+7 Dex-3} (You
                  | found it on level 22 of a ziggurat)
119002 | Zig:23   | Entered Level 23 of a ziggurat
119033 | Zig:23   | Reached skill level 27 in Unarmed Combat
119190 | Zig:23   | Identified the Reference Book on Venomous Changing
119199 | Zig:23   | Identified the +2 robe of Limitation {-Tele rN+ Dex+2
                  | Stlth+} (You found it on level 23 of a ziggurat)
119213 | Zig:24   | Entered Level 24 of a ziggurat
119270 | Zig:24   | Found the +2 hat of the Bear Spirit {Spirit, +Rage rN+
                  | MR++}
119323 | Zig:24   | Identified the cursed -1 cloak of Lypre {rElec rF+ MP+9}
                  | (You found it on level 24 of a ziggurat)
119367 | Zig:25   | Entered Level 25 of a ziggurat
119531 | Zig:25   | Identified Sif Muna's Catalogue of Transmigration
119552 | Zig:25   | Identified the +3 buckler of Doiwket {rF++ MP+9} (You found
                  | it on level 25 of a ziggurat)
119559 | Zig:26   | Entered Level 26 of a ziggurat
119586 | Zig:26   | Noticed an ancient lich
119587 | Zig:26   | Killed an ancient lich
119589 | Zig:26   | Noticed an ancient lich
119591 | Zig:26   | Killed an ancient lich
119594 | Zig:26   | Noticed an ancient lich
119596 | Zig:26   | Noticed an ancient lich
119598 | Zig:26   | Killed an ancient lich
119599 | Zig:26   | Killed an ancient lich
119680 | Zig:26   | Found the +0 pair of fencer's gloves {Riposte Dex+3}
119682 | Zig:26   | Found the +4 robe of Augmentation {Str+4 Int+4 Dex+4}
119711 | Zig:26   | Got a steaming pewter ring
119712 | Zig:26   | Identified the ring "Deeh" {rN+ Str+2 Int+4 Stlth+} (You
                  | found it on level 26 of a ziggurat)
119722 | Zig:26   | Got a scorched tin ring
119725 | Zig:26   | Identified the cursed ring "Hobbioc" {rElec rPois rN+ EV-4
                  | Int-2} (You found it on level 26 of a ziggurat)
119728 | Zig:26   | Identified the +0 cloak of Viriodgh {Stlth+} (You found it
                  | on level 26 of a ziggurat)
119749 | Zig:26   | Identified the +3 leather armour of the Equator {Rampage
                  | rC+ Dex-4} (You found it on level 26 of a ziggurat)
119750 | Zig:26   | Reached skill level 27 in Polearms
119763 | Zig:26   | Learned a level 6 spell: Invisibility
119770 | Zig:27   | Entered Level 27 of a ziggurat
119899 | Zig:27   | Got a slimy jade ring
119901 | Zig:27   | Got a clouded bronze ring
119902 | Zig:27   | Identified the ring of the Chupacabra {rF+ Str+3} (You
                  | found it on level 27 of a ziggurat)
119904 | Zig:27   | Identified the ring "Nearuk" {rC++ Str+3 Dex+6} (You found
                  | it on level 27 of a ziggurat)
119914 | Zig:27   | Identified the Disquisition on Conjuration and Black
                  | Secrets
119936 | Zig:27   | Identified a +0 pair of boots of running (You found it on
                  | level 27 of a ziggurat)
119968 | Zig:27   | Got a faintly glowing lead ring
119969 | Zig:27   | Identified the ring "Roilof" {rF+ rC++ rN+ MR+ MP+9 Str-3}
                  | (You found it on level 27 of a ziggurat)
120016 | Zig:1    | Entered Level 1 of a ziggurat
120152 | Zig:2    | Entered Level 2 of a ziggurat
120195 | Zig:3    | Entered Level 3 of a ziggurat
120226 | Zig:4    | Entered Level 4 of a ziggurat
120226 | Zig:4    | Noticed Edodun the pandemonium lord
120226 | Zig:4    | Noticed Weky the pandemonium lord
120226 | Zig:4    | Noticed Xitewuur the pandemonium lord
120229 | Zig:4    | Killed Edodun the pandemonium lord
120229 | Zig:4    | Killed Xitewuur the pandemonium lord
120230 | Zig:4    | Killed Weky the pandemonium lord
120233 | Zig:4    | Noticed Parej the pandemonium lord
120237 | Zig:4    | Killed Parej the pandemonium lord
120391 | Zig:5    | Entered Level 5 of a ziggurat
120462 | Zig:5    | Identified the Incunabulum of Heat
120467 | Zig:6    | Entered Level 6 of a ziggurat
120495 | Zig:6    | Got a twitching turquoise ring
120496 | Zig:6    | Identified the ring of the Monkey's Uncle {rC+ Str+6
                  | Stlth+} (You found it on level 6 of a ziggurat)
120507 | Zig:7    | Entered Level 7 of a ziggurat
120514 | Zig:7    | Noticed Qyetseiwo the pandemonium lord
120519 | Zig:7    | Killed Qyetseiwo the pandemonium lord
120584 | Zig:7    | Got a steaming jade ring
120585 | Zig:7    | Identified the ring of the Hippo {*Tele rF++ Int-3 Dex+2
                  | Slay+6} (You found it on level 7 of a ziggurat)
120590 | Zig:7    | Got a scorched platinum ring
120591 | Zig:7    | Identified the ring "Qanypo" {*Tele +Inv +Fly rElec Dex-5}
                  | (You found it on level 7 of a ziggurat)
120597 | Zig:8    | Entered Level 8 of a ziggurat
120640 | Zig:8    | Identified the +1 leather armour of Daffodils {Harm rN+
                  | Str+2} (You found it on level 8 of a ziggurat)
120649 | Zig:8    | Got a crude jade ring
120650 | Zig:8    | Identified the ring of Midsummer {rPois rCorr Str+3 Dex+2
                  | Slay-2} (You found it on level 8 of a ziggurat)
120664 | Zig:8    | Identified Sevec's Reference Book on the Earthen Arsonist
120676 | Zig:9    | Entered Level 9 of a ziggurat
120768 | Zig:9    | Identified Ufotu's Reference Book on Dark Displacement
120801 | Zig:9    | Reached skill level 27 in Hexes
120803 | Zig:10   | Entered Level 10 of a ziggurat
120879 | Zig:11   | Entered Level 11 of a ziggurat
120882 | Zig:11   | Noticed an orb of fire
120882 | Zig:11   | Noticed an orb of fire
120883 | Zig:11   | Noticed an orb of fire
120883 | Zig:11   | Noticed an orb of fire
120886 | Zig:11   | Noticed an orb of fire
120886 | Zig:11   | Noticed an orb of fire
120888 | Zig:11   | Noticed an orb of fire
120888 | Zig:11   | Noticed an orb of fire
120889 | Zig:11   | Noticed an orb of fire
120891 | Zig:11   | Killed an orb of fire
120891 | Zig:11   | Noticed an orb of fire
120892 | Zig:11   | Killed an orb of fire
120892 | Zig:11   | Killed an orb of fire
120892 | Zig:11   | Noticed an orb of fire
120893 | Zig:11   | Killed an orb of fire
120894 | Zig:11   | Killed an orb of fire
120894 | Zig:11   | Killed an orb of fire
120894 | Zig:11   | Killed an orb of fire
120895 | Zig:11   | Killed an orb of fire
120895 | Zig:11   | Killed an orb of fire
120895 | Zig:11   | Killed an orb of fire
120898 | Zig:11   | Noticed an orb of fire
120898 | Zig:11   | Noticed an orb of fire
120900 | Zig:11   | Killed an orb of fire
120901 | Zig:11   | Gained mutation: Scrolls take you a little longer to read.
                  | [an orb of fire]
120901 | Zig:11   | Gained mutation: You are clumsy. (Dex -2) [an orb of fire]
120904 | Zig:11   | Killed an orb of fire
120905 | Zig:11   | Killed an orb of fire
121013 | Zig:11   | Lost mutation: Scrolls take you a little longer to read.
                  | [potion of mutation]
121013 | Zig:11   | Lost mutation: You are partially covered in thin metallic
                  | scales. (AC +2) [potion of mutation]
121013 | Zig:11   | Lost mutation: Armour fits poorly on your strangely shaped
                  | body. [potion of mutation]
121013 | Zig:11   | Lost mutation: You are clumsy. (Dex -2) [potion of
                  | mutation]
121013 | Zig:11   | Lost mutation: You have a pair of small horns on your head.
                  | [potion of mutation]
121013 | Zig:11   | Lost mutation: Your spells are a little harder to cast, but
                  | a little more powerful. [potion of mutation]
121013 | Zig:11   | Gained mutation: You are frail. (-10% HP) [potion of
                  | mutation]
121013 | Zig:11   | Gained mutation: You are covered in thick fur. (AC +2)
                  | [potion of mutation]
121014 | Zig:11   | Lost mutation: You are frail. (-10% HP) [potion of
                  | mutation]
121014 | Zig:11   | Lost mutation: You are resistant to hostile enchantments.
                  | (MR+) [potion of mutation]
121014 | Zig:11   | Gained mutation: You are partially covered in molten
                  | scales. (AC +2) [potion of mutation]
121014 | Zig:11   | Gained mutation: You have a pair of small horns on your
                  | head. [potion of mutation]
121015 | Zig:11   | Lost mutation: You occasionally shout uncontrollably at
                  | your foes. [potion of mutation]
121015 | Zig:11   | Lost mutation: You are partially covered in molten scales.
                  | (AC +2) [potion of mutation]
121015 | Zig:11   | Lost mutation: You have a pair of small horns on your head.
                  | [potion of mutation]
121015 | Zig:11   | Lost mutation: You are covered in thick fur. (AC +2)
                  | [potion of mutation]
121015 | Zig:11   | Gained mutation: Your spells are a little harder to cast,
                  | but a little more powerful. [potion of mutation]
121015 | Zig:11   | Gained mutation: You are partially covered in large bone
                  | plates. (SH +4) [potion of mutation]
121019 | Zig:12   | Entered Level 12 of a ziggurat
121023 | Zig:12   | Noticed an orb of fire
121024 | Zig:12   | Noticed an orb of fire
121024 | Zig:12   | Noticed an orb of fire
121024 | Zig:12   | Noticed an orb of fire
121024 | Zig:12   | Noticed an orb of fire
121025 | Zig:12   | Noticed an orb of fire
121026 | Zig:12   | Noticed an orb of fire
121026 | Zig:12   | Noticed an orb of fire
121026 | Zig:12   | Noticed an orb of fire
121026 | Zig:12   | Noticed an orb of fire
121028 | Zig:12   | Reached skill level 5 in Slings
121029 | Zig:12   | Noticed an orb of fire
121029 | Zig:12   | Gained mutation: You are frail. (-10% HP) [an orb of fire]
121031 | Zig:12   | Killed an orb of fire
121031 | Zig:12   | Reached skill level 10 in Slings
121031 | Zig:12   | Killed an orb of fire
121032 | Zig:12   | Killed an orb of fire
121032 | Zig:12   | Killed an orb of fire
121032 | Zig:12   | Killed an orb of fire
121032 | Zig:12   | Killed an orb of fire
121032 | Zig:12   | Killed an orb of fire
121032 | Zig:12   | Killed an orb of fire
121033 | Zig:12   | Killed an orb of fire
121033 | Zig:12   | Killed an orb of fire
121035 | Zig:12   | Found the +6 Majin-Bo {vamp, MP+6 Int+6}
121035 | Zig:12   | Killed an orb of fire
121050 | Zig:12   | Lost mutation: Your spells are a little harder to cast, but
                  | a little more powerful. [potion of mutation]
121050 | Zig:12   | Lost mutation: You are frail. (-10% HP) [potion of
                  | mutation]
121050 | Zig:12   | Gained mutation: You have sharp fingernails. [potion of
                  | mutation]
121206 | Zig:13   | Entered Level 13 of a ziggurat
121209 | Zig:13   | Noticed Xootouk's ghost (master SpEn)
121209 | Zig:13   | Noticed Ygonacw's ghost (legendary GrEE)
121209 | Zig:13   | Noticed Ereufydu's ghost (legendary VSGl)
121209 | Zig:13   | Noticed Ahek's ghost (legendary GnTm)
121209 | Zig:13   | Noticed Muffal's ghost (legendary FoFi)
121209 | Zig:13   | Noticed Rotwopom's ghost (legendary NaVM)
121209 | Zig:13   | Noticed Poybuibi's ghost (veteran MiMo)
121211 | Zig:13   | Noticed Poybuibi's ghost (veteran MiMo)
121212 | Zig:13   | Noticed Ygonacw's ghost (legendary GrEE)
121212 | Zig:13   | Noticed Omodibba's ghost (veteran BaHu)
121212 | Zig:13   | Noticed Omodibba's ghost (veteran BaHu)
121212 | Zig:13   | Noticed Ygonacw's ghost (legendary GrEE)
121212 | Zig:13   | Noticed Gyofeun's ghost (legendary FoFi)
121212 | Zig:13   | Noticed Erhaimih's ghost (legendary DDNe)
121212 | Zig:13   | Noticed Poybuibi's ghost (veteran MiMo)
121212 | Zig:13   | Noticed Gyofeun's ghost (legendary FoFi)
121212 | Zig:13   | Noticed Gishoal's ghost (legendary KoBr)
121213 | Zig:13   | Killed Xootouk's ghost
121213 | Zig:13   | Noticed Icuofef's ghost (veteran SpEn)
121216 | Zig:13   | Noticed Pyrtan's ghost (legendary GrEE)
121223 | Zig:13   | Killed from afar by Ygonacw's ghost

Illustrated notes

Levels and vault maps discovered:
D:1:      ncdulo_halloftheorcs, layout_basic
D:2:      layout_loops_cross, lemuel_coloured_pillars_altar,
          nicolae_tso_carved_into_rock
D:3:      cheibrodos_greedy_goblins, layout_rooms, ebering_ghost_disaster_area
D:4:      layout_loops_ring, serial_forest, infiniplex_forest_clump_C,
          infiniplex_forest_straight_2, infiniplex_forest_end_2,
          infiniplex_forest_lined_1, goddamned_bats, uniq_crazy_yiuf_cottage
D:5:      layout_basic, vehumet_altar_wand_db, lemuel_blue_sif_altar
D:6:      cheibrodos_two_vegetables, layout_loops_ring,
          minmay_temple_entry_statues_pillars, serial_shops,
          nicolae_shop_behind_doors,
          nicolae_shop_temple_entry_statues_fountains,
          nicolae_shop_temple_entry_statues_fountains
D:7:      lemuel_upstairs_altar, layout_loops_ring, lemuel_crystal_altar,
          kennysheep_little_box, kennysheep_mini
D:8:      layout_loops_ring, elyvilon_altar_4, lemuel_doored_altar,
          dpeg_lair_monsters, hangedman_misty_isle, uniq_harold
D:9:      layout_rooms, lemuel_crystal_altar, orc_david_3, serial_shops,
          kennysheep_mini_moat, nrook_loot_triangle, fedhas_altar_1
D:10:     layout_roguey, uniq_grum
D:11:     layout_loops_ring, serial_shops,
          nicolae_shop_competitors_out_of_business, enter_bailey_2,
          roderic_roman_lattice, minmay_st_funbox, uniq_sonja, uniq_erica
D:12:     layout_rooms
D:13:     minmay_the_grid_net [minmay_the_grid_embedded,
          minmay_the_grid_medium_cups, minmay_the_grid_spin_star,
          minmay_the_grid_small_cups, minmay_the_grid_pillar_ring,
          minmay_the_grid_prize_big_room], layout_basic, david_vaults_4,
          portal_ice_cave_demonic_guard
D:14:     layout_gridville, nicolae_gozag_zags_fifth_avenue
D:15:     grunt_enter_depths_giant_problem, layout_loops_ring, serial_shops,
          shop, lemuel_mausoleum_altar_yredelemnul,
          minmay_fractal_squares_gapless_7
Temple:   jpeg_temple_clearing
Lair:1:   layout_regular_city, gammafunk_ghost_ooze, grunt_megastairs_5,
          minmay_lair_oklob_chamber, serial_bayou_shore_a
Lair:2:   beast_lair_carwin_large_3, layout_regular_city,
          ebering_ghost_disaster_area, serial_bayou_shore_b
Lair:3:   layout_big_grid, dummy_snake_entry
Lair:4:   layout_loops_ring, minmay_swamp_entry_worms, eino_house_with_fridge
Lair:5:   layout_layer_cave, slime_altar_1
Lair:6:   minmay_lair_end_frog_pond, layout_concentric_octagons, basic_altar,
          uniq_urug
Swamp:1:  layout_basic_swamp, evilmike_swamp_ruin_house_2, swamp_pool2,
          st_swamp_mini
Swamp:2:  layout_basic_swamp, wheals_swamp_sinkhole, swamp_pool1
Swamp:3:  layout_falls_marsh, nicolae_swamp_very_dense_foliage, uniq_roxanne
Swamp:4:  swamp, layout_basic_swamp, uniq_aizul
Snake:1:  layout_cave_pods, st_stairs_5, grunt_ministairs_13,
          nicolae_snake_shapes
Snake:2:  layout_cave_pods, lemuel_fruit_tree
Snake:3:  layout_misc_corridors, nicolae_snake_linked_coils, uniq_saint_roka,
          uniq_mara
Snake:4:  grunt_snake_rune_pools, layout_cave_town, uniq_vashnia
Slime:1:  layout_caves, cheibrodos_slime_lost_civilization_4
Slime:2:  layout_caves
Slime:3:  layout_caves
Slime:4:  layout_caves
Slime:5
Orc:1:    minmay_goldmine, layout_caves
Orc:2:    grunt_orc_gardens, layout_diamond_mine, grunt_orc_garden,
          grunt_orc_garden, grunt_orc_garden, grunt_orc_garden, mines2_david
Elf:1:    minmay_elf_arrival_summoners, layout_rooms,
          kennysheep_underground_church, drop_trap, minmay_misc_feat_cross,
          nicolae_elf_v_pinch, small_statue_intersection, corexii_checkpoint_a,
          minivault_24
Elf:2:    layout_gridlike
Elf:3:    minmay_elf_hall_dome, layout_geoelf_castle, serial_shops, shop,
          elf_orc_summit_meeting
Vaults:1: v_misc_28, v_alt_pattern_5, nicolae_vaults_ring_of_whatevers,
          dpeg_vaults_monster_row, v_misc_26, nicolae_vaults_diagonal_hallway_8,
          v_pattern_5, nicolae_vaults_little_squares_3, v_alt_pattern_2,
          vaults_room_pool, v_misc_24, vaults_room_semicircle, st_lines,
          layout_vaults_omnibox, nicolae_trove_entry_free_sample
Vaults:2: v_misc_1, vaults_mumra_lcd, v_misc_13, ontoclasm_vaults_misaligned,
          dpeg_vaults_pockets_of_resistance, nicolae_vaults_little_squares_2,
          hangedman_vaults_cutoff, hangedman_vaults_pinch, v_misc_12, v_misc_2,
          nicolae_vaults_border_crossing, layout_vaults_omnigrid, serial_shops,
          shop, uniq_margery
Vaults:3: hangedman_vaults_river_flow, ontoclasm_vaults_gateway,
          minmay_crypt_entry_simple_statues, v_alt_pattern_2, v_misc_16,
          v_misc_9, vaults_mumra_chevron_long, vaults_room_semicircle,
          nicolae_vaults_diagonal_hallway_7, nicolae_vaults_mini_display_case,
          hangedman_vaults_nails, layout_vaults_big_room, serial_shops,
          nicolae_shop_window_shopping, uniq_jory
Vaults:4: st_diamondy, ontoclasm_vaults_claustrophobia, v_alt_pattern_1,
          vaults_room_pool, v_misc_19, vaults_mumra_chevron,
          ontoclasm_vaults_idyll, nicolae_vaults_network_barrier,
          hangedman_vaults_stretched_pinwheel, vaults_room_grunt_arrival_ludios,
          nicolae_vaults_three_branches, ontoclasm_vaults_chip,
          vaults_room_fours, layout_vaults_maze_snakey
Vaults:5: serial_shops, uniq_mennas
Crypt:1:  layout_regular_city, ebering_ghost_rock_garden, item_on_display_a
Crypt:2:  ragdoll_tomb_raider, layout_chaotic_city, ebering_ghost_inner_flame,
          st_stairs_5, grunt_megastairs_3, uniq_khufu, uniq_bai_suzhen,
          uniq_frederick
Crypt:3:  due_elkab, layout_chaotic_city, minicrypt_bobbens
Tomb:1:   uniq_boris
Tomb:2
Tomb:3
Depths:1: grunt_bent_corner, layout_basic, hangedman_abyss_or_decor_clamps,
          special_room [special_room_mythical_zoo], serial_shops,
          nicolae_shop_trees, pf_vacation_house_of_asmodeus, chequers_jeans,
          minmay_guarded_unrand_wrath_of_trog
Depths:2: minmay_skeletal_surprise, layout_gridville, abyss_entry, hell_entry,
          grunt_decor_one_mirror, serial_bayou_lake_a
Depths:3: minmay_inside_and_out, layout_gridlike, rand_demon_pan_entry_7,
          grunt_hell_entry_dis_grunt, kennysheep_nub, firewood_loft,
          infiniplex_staircase_zigzag_1
Depths:4: lemuel_river_lethe, hell_entry, abyss_entry, uniq_xtahua
Depths:5: grunt_zot_entry_alcove, layout_cave_shapes, enter_ziggurat_a,
          pf_hell_entry_tar_river, serial_shops, shop_statue,
          serial_bayou_shore_b
Hell
Dis:1:    layout_overlapping_boxes, hangedman_player_shredder
Dis:2:    layout_gridville
Dis:3:    layout_chaotic_city, nicolae_dis_strange_trophy_room,
          nicolae_dis_lava_storage_tank, hangedman_dis_decor_blocks_talon
Dis:4:    layout_chaotic_city, grunt_dis_stairs_iron_hall
Dis:5:    kennysheep_iron_temple, layout_subdivisions
Dis:6:    layout_gridville
Dis:7:    dis_hangedman
Geh:1:    layout_gehenna_lava_caves
Geh:2:    layout_gehenna_lava_caves
Geh:3:    layout_gehenna_pools_box
Geh:4:    layout_gehenna_pools_basic
Geh:5:    layout_gehenna_lava_caves
Geh:6:    layout_gehenna_pools_box
Geh:7:    geh_grunt_pentagon
Coc:1:    layout_ice_bergs, evilmike_ambush [evilmike_ambush_outer_basic,
          evilmike_ambush_inner_cross]
Coc:2:    layout_cocytus_water_paths
Coc:3:    layout_ice_bergs
Coc:4:    layout_ice_bergs
Coc:5:    layout_ice_bergs
Coc:6:    layout_ice_bergs
Coc:7:    coc_grunt_cove [coc_grunt_cove_antaeus, coc_grunt_cove_fiend,
          coc_grunt_cove_fiend, coc_grunt_cove_fiend, coc_grunt_cove_fiend]
Tar:1:    layout_catacombs, nicolae_tar_cuneiform_bird
Tar:2:    layout_cathedral_of_symmetry, nicolae_tar_cuneiform_heaven,
          grunt_megastairs_4
Tar:3:    layout_cathedral_of_symmetry
Tar:4:    layout_honeycomb, nicolae_tar_cuneiform_to_be,
          nicolae_tar_cuneiform_city
Tar:5:    layout_cathedral_of_symmetry
Tar:6:    layout_catacombs, nicolae_tar_fractal_crypt
Tar:7:    tar_minmay_river
Zot:1:    layout_basic, lemuel_lich_library
Zot:2:    layout_gridlike, nicolae_transmutations_shop
Zot:3:    layout_gridlike, lemuel_flame_loot_1
Zot:4:    layout_concentric_octagons
Zot:5:    layout_gridville
Zig:13:   ziggurat_pillar_abc, ziggurat_pillar_abc, ziggurat_pillar_abc,
          ziggurat_pillar_abc, ziggurat_pillar_abc, ziggurat_pillar_abc,
          ziggurat_pillar_abc, ziggurat_pillar_abc

Skill      XL: |  1  2  3  4  5  6  7  8  9 10 11 12 13 14 15 16 17 18 19 20 21 22 23 24 25 26 27 |
---------------+----------------------------------------------------------------------------------+-----
Earth Magic    | 4 5 6 7 8 9 10 11 12 13 14 15 16 17 20 23 26 27 | 27.0
Conjurations   | 1 2 3 4 5 6 8 9 10 11 12 13 14 15 16 27 | 27.0
Spellcasting   | 3 4 5 6 7 8 9 10 11 12 13 14 27 | 27.0
Fighting       | 1 2 4 5 6 8 9 10 11 12 13 14 15 16 27 | 27.0
Armour         | 1 2 4 5 6 27 | 27.0
Maces & Flails | 1 2 3 4 6 7 8 9 10 11 12 13 14 15 27 | 27.0
Evocations     | 1 2 3 4 5 6 7 8 9 10 27 | 27.0
Dodging        | 2 3 4 5 6 7 8 9 10 11 12 13 14 27 | 27.0
Fire Magic     | 4 7 9 10 12 13 14 15 16 17 18 27 | 27.0
Transmutations | 27 | 27.0
Necromancy     | 27 | 27.0
Shields        | 27 | 27.0
Ice Magic      | 27 | 27.0
Staves         | 27 | 27.0
Stealth        | 27 | 27.0
Air Magic      | 27 | 27.0
Hexes          | 27 | 27.0
Polearms       | 27 | 27.0
Throwing       | 27 | 27.0
Unarmed Combat | 27 | 27.0
Translocations | 16 | 16.4
Slings         | 14 | 14.0

Action                   |  1- 3 |  4- 6 |  7- 9 | 10-12 | 13-15 | 16-18 | 19-21 | 22-24 | 25-27 || total
-------------------------+-------+-------+-------+-------+-------+-------+-------+-------+-------++-------
Melee: Club              |    17 |       |       |       |       |       |       |       |       ||    17
       Mace              |    55 |    27 |       |       |       |       |       |       |       ||    82
       Dagger            |       |    92 |     5 |       |       |       |       |       |       ||    97
       Morningstar       |       |       |   293 |     3 |       |       |       |       |       ||   296
       Scimitar          |       |       |       |   275 |   225 |       |       |       |       ||   500
       Great mace        |       |       |       |       |   365 |   448 |   371 |   867 |   456 ||  2507
       Headbutt          |       |       |       |       |       |       |       |   158 |   235 ||   393
       Staff             |       |       |       |       |       |       |       |       |  1619 ||  1619
       Sacred scourge    |       |       |       |       |       |       |       |       |   324 ||   324
Throw: Throwing net      |       |       |       |     2 |       |     2 |       |       |       ||     4
 Cast: Sandblast         |    16 |    44 |    95 |    84 |    61 |    13 |     2 |       |       ||   315
       Stone Arrow       |       |       |     6 |    73 |    73 |     7 |       |     1 |     3 ||   163
       Lee's Rapid Decon |       |       |     4 |    20 |    56 |    31 |    42 |    37 |    50 ||   240
       Mephitic Cloud    |       |       |       |     6 |     1 |       |       |       |       ||     7
       Passwall          |       |       |       |     1 |       |       |       |     2 |       ||     3
       Starburst         |       |       |       |       |    48 |    94 |    13 |     1 |     2 ||   158
       Iron Shot         |       |       |       |       |    57 |   166 |   129 |   135 |   234 ||   721
       Fireball          |       |       |       |       |     4 |    16 |       |       |       ||    20
       Ignition          |       |       |       |       |       |       |    77 |   111 |   320 ||   508
       Shatter           |       |       |       |       |       |       |       |     2 |  1156 ||  1158
       Absolute Zero     |       |       |       |       |       |       |       |       |   394 ||   394
       Fire Storm        |       |       |       |       |       |       |       |       |   264 ||   264
       Necromutation     |       |       |       |       |       |       |       |       |    20 ||    20
       Tornado           |       |       |       |       |       |       |       |       |     4 ||     4
 Abil: Fly               |       |       |       |       |     1 |       |       |       |       ||     1
       Evoke Blink       |       |       |       |       |       |     3 |       |       |       ||     3
       Evoke Invisibilit |       |       |       |       |       |       |       |       |     7 ||     7
       End Transformatio |       |       |       |       |       |       |       |       |     5 ||     5
       Blink             |       |       |       |       |       |       |       |       |     3 ||     3
Evoke: Wand              |       |       |    16 |    28 |     9 |       |       |       |    16 ||    69
       Tin of tremorston |       |       |       |       |     1 |     4 |     3 |     3 |     3 ||    14
       Box of beasts     |       |       |       |       |       |     1 |     1 |     1 |       ||     3
       Phantom mirror    |       |       |       |       |       |     1 |       |     1 |       ||     2
       Lightning rod     |       |       |       |       |       |     1 |       |       |       ||     1
       Condenser vane    |       |       |       |       |       |       |       |       |     9 ||     9
       Figurine of a zig |       |       |       |       |       |       |       |       |     6 ||     6
       Phial of floods   |       |       |       |       |       |       |       |       |     1 ||     1
  Use: Scroll            |       |     8 |    10 |    12 |    14 |    13 |     9 |     6 |   278 ||   350
       Potion            |       |       |     1 |     7 |     2 |     9 |     3 |     8 |   149 ||   179
 Stab: Sleeping          |     2 |     3 |     7 |     1 |     3 |     5 |     1 |       |    10 ||    32
       Invisible         |       |       |       |     1 |       |       |       |       |    11 ||    12
       Distracted        |       |       |       |       |       |       |       |     3 |    13 ||    16
Armor: Robe              |    24 |    42 |   174 |    47 |       |       |       |       |       ||   287
       Steam dragon scal |       |       |       |   170 |   318 |   337 |   210 |   578 |   350 ||  1963
       Troll leather arm |       |       |       |       |       |       |       |       |  1418 ||  1418
Dodge: Dodged            |    67 |    65 |   308 |   451 |   996 |   900 |   398 |   839 |  4143 ||  8167
Block: Other             |       |       |       |       |   149 |   206 |   103 |   234 |   120 ||   812
       Reflection        |       |       |       |       |     3 |    10 |    31 |     9 |   271 ||   324
       Buckler           |       |       |       |       |       |       |       |       |  1866 ||  1866
       Rpst.: Scimitar   |       |       |       |   124 |   106 |       |       |       |       ||   230

Table legend: (Time is in decaauts)
 A = Elapsed time spent in this place.
 B = Non-inter-level travel time spent in this place.
 C = Inter-level travel time spent in this place.
 D = Time resting spent in this place.
 E = Time spent auto-exploring this place.
 F = Levels seen in this place.
 G = Mean time per level.
                   A        B        C        D        E       F      G
               +--------+--------+--------+--------+--------+-----+--------+
         Total | 121311 | 112334 |   8977 |  32561 |  45973 | 256 |  473.9 |
       Dungeon |  23766 |  20552 |   3214 |   5501 |  10732 |  15 | 1584.4 |
        Temple |      1 |      1 |      0 |      0 |      0 |   1 |    1.0 |
          Lair |   7375 |   6700 |    675 |   1202 |   4329 |   6 | 1229.2 |
         Swamp |   4893 |   4653 |    240 |   1676 |   2239 |   4 | 1223.2 |
     Snake Pit |   7883 |   7502 |    381 |   2512 |   3873 |   4 | 1970.8 |
    Slime Pits |   1274 |   1238 |     36 |    619 |    121 |   5 |  254.8 |
  Orcish Mines |   2066 |   1809 |    257 |    523 |    965 |   2 | 1033.0 |
   Elven Halls |   6299 |   5854 |    445 |   1680 |   3082 |   3 | 2099.7 |
        Vaults |  12512 |  11041 |   1471 |   2216 |   6716 |   5 | 2502.4 |
         Crypt |   6660 |   6401 |    259 |   2292 |   2712 |   3 | 2220.0 |
          Tomb |   3602 |   3438 |    164 |   1104 |   1457 |   3 | 1200.7 |
        Depths |   9450 |   8044 |   1406 |   1926 |   4367 |   5 | 1890.0 |
          Hell |    825 |    744 |     81 |    149 |    305 |   1 |  825.0 |
           Dis |    922 |    922 |      0 |    220 |      0 |   7 |  131.7 |
       Gehenna |    865 |    865 |      0 |    150 |      0 |   7 |  123.6 |
       Cocytus |    529 |    529 |      0 |      5 |      0 |   7 |   75.6 |
      Tartarus |   1002 |   1002 |      0 |    108 |    225 |   7 |  143.1 |
           Zot |   5122 |   4778 |    344 |    220 |   3614 |   5 | 1024.4 |
         Abyss |   1133 |   1133 |      0 |    228 |     89 |   4 |  283.2 |
   Pandemonium |   3392 |   3392 |      0 |    825 |    759 |  11 |  308.4 |
      Ziggurat |  19289 |  19289 |      0 |   8169 |      7 | 148 |  130.3 |
         Trove |    113 |    113 |      0 |      0 |      0 |   1 |  113.0 |
        Bailey |    602 |    602 |      0 |    200 |    155 |   1 |  602.0 |
      Ice Cave |   1723 |   1723 |      0 |   1034 |    226 |   1 | 1723.0 |
               +--------+--------+--------+--------+--------+-----+--------+

Top non-repeatable levels by time:
    D:13: 3623 daAuts
Vaults:4: 3201 daAuts
   Elf:3: 3099 daAuts
Vaults:1: 3034 daAuts
    D:14: 2535 daAuts
Depths:3: 2496 daAuts
 Crypt:3: 2473 daAuts
 Snake:4: 2468 daAuts
Vaults:2: 2365 daAuts
 Crypt:2: 2298 daAuts
Depths:1: 2278 daAuts
Vaults:3: 2253 daAuts
  Tomb:1: 2115 daAuts
     D:6: 1914 daAuts
 Snake:1: 1911 daAuts
